 Dungeon Crawl Stone Soup version 0.24-a0-515-gbe7f5e2e8d (webtiles) character file.

Game seed: 8192936869766888296

7411117 KapersCrawl the Conqueror (level 27, 128/191 HPs)
             Began as a Minotaur Fighter on July 20, 2019.
             Was the Champion of Cheibriados.
             Escaped with the Orb
             ... and 10 runes on July 21, 2019!
             The game lasted 07:29:10 (104973 turns).

KapersCrawl the Conqueror (Minotaur Fighter)      Turns: 104973, Time: 07:29:10

Health: 128/191    AC: 41    Str: 45      XL:     27
Magic:  30/30      EV: 38    Int: 22 (23) God:    Cheibriados [******]
Gold:   3131       SH: 40    Dex: 35      Spells: 35/48 levels left

rFire    + + +     SeeInvis +   q - +9 broad axe (freeze)
rCold    + . .     Gourm    .   o - +7 large shield of the Falcon {+Inv Dex+2 Stlth+}
rNeg     . . .     Faith    .   n - +7 gold dragon scales
rPois    +         Spirit   +   J - +0 hat "Dyud" {*Drain rF++ Int+2 Slay+3}
rElec    .         Reflect  .   F - +1 cloak {MR+}
rCorr    .         Harm     .   I - +0 pair of fencer's gloves {Riposte Dex+3}
MR       ++++.     Rnd*Rage +   X - +2 pair of boots {Fly} Stlth ..........Rnd*Tele +
                                V - amulet of the Heavens {Spirit Int+3 Slay+2}
HPRegen  0.41/turn              m - ring of Xeodep {MR+ Dex+5 SInv}
MPRegen  0.22/turn              k - +5 ring of slaying

@: flying, very slow
A: retaliatory headbutt, hooves 1, horns 2, repulsion field 1, icy blue scales
1, yellow scales 1, berserk 3, blurry vision 1, clumsy 1, deformed body,
deterioration 1, dopey 1, frail 3, low mp 2, screaming 3, teleportitis 3, weak
1, no potion heal 3
0: Orb of Zot
}: 10/15 runes: serpentine, barnacled, slimy, silver, abyssal, demonic, glowing,
magical, fiery, dark
a: Bend Time, Temporal Distortion, Slouch, Step From Time, Renounce Religion,
Evoke Invisibility, Stop Flying


You escaped.
You worshipped Cheibriados.
Cheibriados was exalted by your worship.
You were not hungry.

You visited 14 branches of the dungeon, and saw 66 of its levels.
You visited Pandemonium 4 times, and saw 19 of its levels.
You visited the Abyss 3 times.
You visited 1 ziggurat, and saw 9 of its levels.
You also visited: Ice Cave and Desolation.

You collected 17255 gold pieces.
You spent 14124 gold pieces at shops.

Inventory:

Hand Weapons
 e - the +8 war axe of Midwinter {vamp, +Blink rElec rPois rN+}
   (You found it on level 15 of the Dungeon)

   It inflicts no extra harm, but heals its wielder when it wounds a living foe.
   It insulates you from electricity.
   It protects you from poison.
   It protects you from negative energy.
   It lets you blink.
 q - a +9 broad axe of freezing (weapon)
 w - a +9 hunting sling of venom
Missiles
 l - 71 sling bullets
 L - 20 throwing nets (quivered)
Armour
 n - +7 gold dragon scales (worn)
 o - the +7 large shield of the Falcon (worn) {+Inv Dex+2 Stlth+}
   (You took it off a daeva in Pandemonium)

   It affects your dexterity (+2).
   It lets you turn invisible.
   It makes you more stealthy.
 F - a +1 cloak of magic resistance (worn)
 I - the +0 pair of fencer's gloves (worn) {Riposte Dex+3}
   (You bought it in a shop on level 2 of the Orcish Mines)

   It affects your dexterity (+3).
 J - the +0 hat "Dyud" (worn) {*Drain rF++ Int+2 Slay+3}
   (You found it on level 1 of the Depths)

   It affects your intelligence (+2).
   It affects your accuracy and damage with ranged weapons and melee attacks
   (+3).
   It greatly protects you from fire.
   It causes draining when unequipped.
 U - a +0 cloak of invisibility
 X - a +2 pair of boots of flying (worn)
Jewellery
 k - a +5 ring of slaying (right hand)
 m - the ring of Xeodep (left hand) {MR+ Dex+5 SInv}
   (You took it off a fire giant on level 2 of the Depths)

   [ring of dexterity]

   It affects your dexterity (+5).
   It affects your resistance to hostile enchantments.
   It lets you see invisible.
 p - an uncursed ring of protection from magic
 s - a +5 ring of slaying
 z - the ring "Pes Ybui" {*Tele rC- MR+ Int+8}
   (You took it off a cherub in Pandemonium)

   [ring of teleportation]

   It may teleport you next to monsters.
   It affects your intelligence (+8).
   It makes you vulnerable to cold.
   It affects your resistance to hostile enchantments.
 M - the ring of the Ageless Souls {rC- rN+++ EV-3 Int+2 Slay+2}
   (You bought it in a shop on level 4 of the Shoals)

   [ring of evasion]

   It affects your evasion (-3).
   It affects your intelligence (+2).
   It affects your accuracy and damage with ranged weapons and melee attacks
   (+2).
   It makes you vulnerable to cold.
   It renders you almost immune to negative energy.
 V - the amulet of the Heavens (around neck) {Spirit Int+3 Slay+2}
   (You bought it in a shop on level 4 of the Depths)

   [amulet of guardian spirit]

   It causes incoming damage to be split between your health and magic.
   It affects your intelligence (+3).
   It affects your accuracy and damage with ranged weapons and melee attacks
   (+2).
Wands
 d - a wand of digging (40)
 j - a wand of clouds (11)
 v - a wand of scattershot (17)
 C - a wand of flame (181)
 N - a wand of acid (5)
 R - a wand of paralysis (49)
 T - a wand of iceblast (85)
Scrolls
 b - 16 scrolls of identify
 g - 41 scrolls of remove curse
 y - 8 scrolls of magic mapping
 A - 5 scrolls of immolation
 E - 7 scrolls of blinking
 G - 32 scrolls of teleportation
 K - 3 scrolls of holy word
 S - 13 scrolls of fear
 W - 2 scrolls of summoning
 Z - 8 scrolls of fog
Potions
 r - 34 potions of curing
 t - 6 potions of heal wounds
 x - 6 potions of resistance
 B - 9 potions of cancellation
 D - 3 potions of invisibility
 H - a potion of ambrosia
 O - 6 potions of might
 Q - 6 potions of agility
Miscellaneous
 a - a lightning rod (4/4)
 c - 4 sacks of spiders
 h - a lamp of fire
 i - the horn of Geryon
 u - 8 boxes of beasts
 Y - a phial of floods
Comestibles
 f - 80 rations


   Skills:
 O Level 27 Fighting
 O Level 27 Axes
   Level 5.0(19.2) Maces & Flails
   Level 11.1(20.8) Polearms
 - Level 12.0 Slings
 O Level 27 Armour
 O Level 27 Dodging
 O Level 27 Shields
 + Level 11.1 Spellcasting
 - Level 10.2 Hexes
 - Level 5.0 Summonings
 - Level 6.0 Necromancy
 - Level 4.0 Transmutations
 - Level 4.0 Earth Magic
 + Level 23.4 Invocations
 + Level 24.2 Evocations


You had 35 spell levels left.
You knew the following spells:

 Your Spells              Type           Power        Failure   Level  Hunger
a - Summon Butterflies    Summ           ####....     1%          1    None
b - Ensorcelled Hibernat  Hex/Ice        ####..       3%          2    None
c - Passwall              Tmut/Erth      ####....     4%          2    None
d - Invisibility          Hex            ######..     36%         6    ######.
e - Apportation           Tloc           ##....       17%         1    None
o - Animate Skeleton      Necr           N/A          1%          1    None

Your spell library contained the following spells:

 Spells                   Type           Power        Failure   Level  Hunger
 Confusing Touch          Hex            ######       1%          1    None
 Corona                   Hex            ######.      1%          1    None
 Pain                     Necr           ####         1%          1    None
 Summon Small Mammal      Summ           ####         1%          1    None
 Slow                     Hex            ######..     1%          2    None
 Confuse                  Hex            ######..     1%          3    None
 Tukima's Dance           Hex            ######..     1%          3    None
 Corpse Rot               Necr           N/A          2%          2    None
 Sublimation of Blood     Necr           #####.....   2%          2    None
 Summon Guardian Golem    Hex/Summ       #####...     2%          3    None
 Cause Fear               Hex            ######....   2%          4    #......
 Sandblast                Erth           ####..       3%          1    None
 Call Imp                 Summ           ####....     3%          2    None
 Vampiric Draining        Necr           #####.....   4%          3    None
 Call Canine Familiar     Summ           ####....     6%          3    None
 Dazzling Spray           Conj/Hex       ####..       6%          3    None
 Inner Flame              Hex/Fire       ####....     6%          3    None
 Portal Projectile        Hex/Tloc       ####..       6%          3    None
 Spectral Weapon          Hex/Chrm       ####....     6%          3    None
 Leda's Liquefaction      Hex/Erth       #####.....   9%          4    #......
 Flame Tongue             Conj/Fire      ##...        17%         1    None
 Freeze                   Ice            ##..         17%         1    None
 Magic Dart               Conj           ##..         17%         1    None
 Shock                    Conj/Air       ##..         17%         1    None
 Sting                    Conj/Pois      ##..         17%         1    None
 Recall                   Summ/Tloc      N/A          19%         3    None
 Fulminant Prism          Conj/Hex       ####......   21%         4    #......
 Summon Mana Viper        Hex/Summ       #####...     21%         5    ####...
 Spider Form              Tmut/Pois      ###.......   22%         3    None
 Stone Arrow              Conj/Erth      ###...       22%         3    None
 Blink                    Tloc           N/A          26%         2    None
 Poisonous Vapours        Pois/Air       ##....       26%         2    None
 Searing Ray              Conj           ##....       26%         2    None
 Swiftness                Chrm/Air       ##......     26%         2    None
 Throw Flame              Conj/Fire      ##....       26%         2    None
 Throw Frost              Conj/Ice       ##....       26%         2    None
 Yara's Violent Unravell  Hex/Tmut       #####.....   26%         5    ####...
 Ignite Poison            Fire/Tmut/Pois ###.....     28%         3    None
 Petrify                  Tmut/Erth      ####....     32%         4    #......
 Agony                    Necr           #####...     36%         5    ####...
 Dispel Undead            Necr           #####...     36%         5    ####...
 Darkness                 Hex            ######....   36%         6    ######.
 Conjure Flame            Conj/Fire      ##......     45%         3    None
 Gell's Gravitas          Tloc           ##........   45%         3    None
 Mephitic Cloud           Conj/Pois/Air  ##......     45%         3    None
 Ozocubu's Armour         Chrm/Ice       ##......     45%         3    None
 Static Discharge         Conj/Air       ##......     45%         3    None
 Aura of Abjuration       Summ           ####......   50%         5    ####...
 Metabolic Englaciation   Hex/Ice        ####......   50%         5    ####...
 Silence                  Hex/Air        ####......   50%         5    ####...
 Summon Demon             Summ           ####......   50%         5    ####...
 Summon Ice Beast         Ice/Summ       ###.....     52%         4    #......
 Summon Lightning Spire   Summ/Air       ###.....     52%         4    #......
 Borgnjor's Vile Clutch   Necr/Erth      ####......   52%         5    ####...
 Lee's Rapid Deconstruct  Erth           ####......   65%         5    ####...
 Bolt of Draining         Conj/Necr      ####......   80%         5    ####...
 Excruciating Wounds      Chrm/Necr      ####......   80%         5    ####...
 Airstrike                Air            ##........   86%         4    #......
 Force Lance              Conj/Tloc      ##......     86%         4    #......
 Iskenderun's Mystic Bla  Conj           ##......     86%         4    #......
 Olgreb's Toxic Radiance  Pois           ##......     86%         4    #......
 Sticky Flame             Conj/Fire      ##......     86%         4    #......
 Throw Icicle             Conj/Ice       ##......     86%         4    #......
 Summon Forest            Summ/Tloc      ###.......   86%         5    ####...
 Alistair's Intoxication  Tmut/Pois      ###.....     90%         5    ####...
 Irradiate                Conj/Tmut      ###.......   90%         5    ####...
 Death Channel            Necr           #####.....   91%         6    ######.
 Bolt of Magma            Conj/Fire/Erth ###.......   95%         5    ####...
 Shadow Creatures         Summ           N/A          97%         6    ######.
 Fireball                 Conj/Fire      ##........   99%         5    ####...
 Iskenderun's Battlesphe  Conj/Chrm      ##......     99%         5    ####...
 Lightning Bolt           Conj/Air       ##........   99%         5    ####...
 Venom Bolt               Conj/Pois      ##........   99%         5    ####...
 Hydra Form               Tmut           ####......   99%         6    ######.
 Statue Form              Tmut/Erth      ####.....    99%         6    ######.
 Bolt of Fire             Conj/Fire      ##........   100%        6    ######.
 Conjure Ball Lightning   Conj/Air       ##........   100%        6    ######.
 Deflect Missiles         Chrm/Air       ##........   100%        6    ######.
 Dispersal                Tloc           ##........   100%        6    ######.
 Iron Shot                Conj/Erth      ###.......   100%        6    ######.
 Ozocubu's Refrigeration  Ice            ##........   100%        6    ######.
 Poison Arrow             Conj/Pois      ##........   100%        6    ######.
 Dragon Form              Tmut           ####......   100%        7    #######
 Malign Gateway           Summ/Tloc      ###.......   100%        7    #######
 Monstrous Menagerie      Summ           ####......   100%        7    #######
 Orb of Destruction       Conj           ##........   100%        7    #######
 Ring of Flames           Chrm/Fire      ##........   100%        7    #######
 Spellforged Servitor     Conj/Summ      ###.......   100%        7    #######
 Summon Greater Demon     Summ           ####......   100%        7    #######
 Summon Hydra             Summ           ####......   100%        7    #######
 Chain Lightning          Conj/Air       ##........   100%        8    #######
 Controlled Blink         Tloc           N/A          100%        8    #######
 Discord                  Hex            ######....   100%        8    #######
 Disjunction              Tloc           ##........   100%        8    #######
 Ignition                 Fire           ##........   100%        8    #######
 Lehudib's Crystal Spear  Conj/Erth      ###.......   100%        8    #######
 Summon Horrible Things   Summ           ####......   100%        8    #######
 Dragon's Call            Summ           ####......   100%        9    #######
 Fire Storm               Conj/Fire      ##........   100%        9    #######
 Glaciate                 Conj/Ice       ##........   100%        9    #######
 Shatter                  Erth           ####......   100%        9    #######
 Tornado                  Air            ##........   100%        9    #######
 Passage of Golubria      Tloc           Unusable     N/A         4    N/A

Dungeon Overview and Level Annotations

Branches:
Dungeon (15/15)            Temple (1/1) D:7            Lair (6/6) D:10
 Shoals (4/4) Lair:3        Snake (4/4) Lair:4        Slime (5/5) Lair:6
    Orc (2/2) D:12            Elf (3/3) Orc:2        Vaults (5/5) D:13
  Crypt (3/3) Vaults:2       Tomb (0/3) Crypt:3      Depths (5/5) D:15
   Hell (1/1)                 Dis (0/7) Hell            Geh (7/7) Hell
    Coc (0/7) Hell            Tar (0/7) Hell            Zot (5/5) Depths:5

Altars:
Ashenzari
Cheibriados
Dithmenos
Elyvilon
Fedhas
Gozag
Hepliaklqana
Kikubaaqudgha
Makhleb
Nemelex Xobeh
Okawaru
Qazlal
Ru
Sif Muna
Trog
Uskayaw
Vehumet
Wu Jian
Xom
Yredelemnul
Zin
The Shining One
Beogh

Shops:
D:5 *   Orc:1 :   Orc:2 [[*:?   Elf:3 [   Shoals:1 }   Shoals:4 =?=%
Vaults:1 *   Vaults:3 (   Vaults:4 *   Zot:2 *   Depths:4 }}=

Portals:
Hell: Depths:1 Depths:2 Depths:3 Depths:4 Depths:5
Abyss: Depths:4
Pandemonium: Depths:2 Depths:3 Depths:4
Trove: Vaults:3 (give 7 potions of agility)

Annotations:
D:5 1 runed translucent door, Crazy Yiuf
Crypt:1 1 exclusion, Khufu
Depths:3 exclusion: downstairs


Innate Abilities, Weirdness & Mutations

You reflexively headbutt those who attack you in melee.
You have a pair of horns on your head.
You have large cloven feet.
You are surrounded by a mild repulsion field. (EV +2)
You are partially covered in icy blue scales. (AC +2)
You are partially covered in yellow scales. (AC +2)
You have an uncontrollable temper.
Scrolls take you a little longer to read.
You are clumsy. (Dex -2)
Armour fits poorly on your strangely shaped body.
Your body sometimes deteriorates upon taking damage.
You are dopey. (Int -2)
You are extremely frail. (-30% HP)
Your magical capacity is very low. (-20% MP)
You frequently scream uncontrollably at your foes.
You are often teleported next to monsters.
You are weak. (Str -2)
Potions cannot restore your health.


Message History

The Ice Fiend calls on the powers of darkness!
Your body is wracked with pain!
You are too injured to fight recklessly!
You are too injured to fight recklessly!
You cut the Ice Fiend into ribbons!!!
You kill the Ice Fiend!
Cheibriados thoroughly appreciates the change of pace.
Evoke which item? (* to show all) (? for menu, Esc to quit)
That's the wrong kind of item! (Use * to select it.) Evoke which item? (* to show all) (? for menu, Esc to quit)
Aiming: Dig
Press: ? - help, Shift-Dir - straight line Digging in that direction won't affect any walls.
A tree.
This square is covered in magical glow.
Digging in that direction won't affect any walls.
Okay, then.
Magic restored.
There is a staircase leading out of the dungeon here.
You have escaped!

.♣♣♣.♣♣
♣♣♣.♣ ♣♣
♣♣.♣♣♣
♣.♣ ♣
♣♣..♣♣♣
♣♣.♣
♣♣♣..♣
♣..♣ ♣♣.♣
♣♣.♣♣
♣♣.♣♣
♣♣..♣♣ ♣♣
♣.♣♣
♣.♣..♣♣♣
≈♣ ♣♣.♣♣
♣......♣
≈≈≈♣
♣.♣.♣
♣..@..♣♣
≈≈≈♣♣♣..♣
♣P...♣♣ ≈
♣ ♣♣♣P♣
♣♣♣♣♣♣ ♣♣


There were no monsters in sight!

Vanquished Creatures
  Cerebov (Pan)
  the Royal Jelly (Slime:5)
  Gloorx Vloq (Pan)
  Lom Lobon (Pan)
  Mnoleg (Pan)
  A seraph (Zot:2)
  8 orbs of fire (Zot:5)
  Mara (Crypt:1)
  Mennas (Vaults:3)
  A juggernaut (Abyss:4)
  6 ancient liches
  A greater mummy (Crypt:3)
  Sojobo (Vaults:2)
  Margery (Crypt:1)
  Frederick (Depths:4)
  2 Killer Klowns (Zot:5)
  Vashnia (Snake:2)
  Saint Roka (Snake:2)
  18 pandemonium lords
  3 curse toes
  3 bone dragons
  5 caustic shrikes
  Jory (Depths:5)
  13 golden dragons
  2 pearl dragons (Pan)
  Geryon (Hell)
  A profane servitor (Crypt:3)
  Nikola (Snake:2)
  6 Tzitzimimeh
  2 iron giants
  2 electric golems (Zot:5)
  2 hellephants
  34 Brimstone Fiends
  8 liches
  9 Ice Fiends
  38 tentacled monstrosities
  15 Hell Sentinels
  Jorgrun (Snake:3)
  5 deep elf master archers
  16 acid blobs
  12 titans
  4 deep elf blademasters
  25 Orb Guardians
  Gastronok (D:12)
  15 Executioners (Pan)
  5 quicksilver dragons
  13 death cobs
  5 tentacled starspawn
  The ghost of Xofalap the Slayer, an adept MiMo of Okawaru (Snake:2)
  4 eldritch tentacles
  Polyphemus (Shoals:3)
  3 sphinxes
  2 krakens
  3 ancient champions
  11 shadow dragons
  11 nagarajas
  30 daevas (Pan)
  2 tengu reavers
  10 warmongers (Pan)
  6 draconian monks
  5 revenants
  14 azure jellies
  4 draconian knights
  23 storm dragons
  10 deep elf sorcerers
  11 fire giants
  6 frost giants
  Louise (Snake:2)
  3 curse skulls
  2 iron dragons
  5 imperial myrmidons (Desolation)
  4 orc warlords
  18 vault wardens
  The ghost of icckedyourdad the Brawler, a journeyman TrMo of Yredelemnul (Depths:1)
  5 draconian scorchers
  Aizul (Shoals:1)
  45 balrugs
  6 draconian stormcallers
  5 draconian shifters
  43 angels
  2 ghost moths
  10 deep elf elementalists
  33 cacodemons
  35 very ugly things
  6 ghouls
  8 black suns (Pan)
  5 war gargoyles
  9 draconian annihilators
  28 stone giants
  16 ironheart preservers
  14 blood saints
  33 reapers
  27 ophanim
  4 entropy weavers
  2 spriggan defenders
  9 green draconians
  10 corrupters (Pan)
  13 vampire knights
  10 lorocyprocas (Pan)
  38 apis (Pan)
  14 black draconians
  10 yellow draconians
  8 deep elf annihilators
  6 deep elf demonologists
  3 halazid warlocks (Desolation)
  10 red draconians
  6 spark wasps
  15 white draconians
  10 purple draconians
  2 quicksilver dragon zombies
  2 crystal guardians
  An eidolon (Crypt:2)
  2 merfolk javelineers
  3 mummy priests
  11 ettins
  39 green deaths
  6 death oozes
  27 jiangshi
  11 fire dragons
  An ettin (shapeshifter) (D:15)
  13 deep elf death magi
  4 ragged hierophants (Desolation)
  13 merfolk impalers
  10 servants of whispers (Desolation)
  29 vault guards
  36 blizzard demons
  15 ice dragons
  6 deep elf high priests
  The ghost of icckedyourdad the Brawler, a journeyman TrMo (D:10)
  14 great orbs of eyes
  5 peacekeepers (Desolation)
  12 rakshasas
  18 yaktaur captains
  4 quicksilver dragon skeletons
  A caustic shrike simulacrum (Depths:1)
  9 hydras
  8 hell beasts
  17 monstrous demonspawn
  14 naga warriors
  Fannar (Lair:2)
  2 juggernaut simulacra (Pan)
  8 centaur warriors
  An alligator snapping turtle (Shoals:4)
  An alligator snapping turtle (shapeshifter) (Zig:2)
  3 merfolk avatars (Shoals:4)
  A two-headed ogre (shapeshifter) (Elf:3)
  12 anacondas
  3 catoblepae
  A satyr (Shoals:4)
  The ghost of MirrMurr the Covert, a journeyman SpEn of Dithmenos (Lair:4)
  5 merfolk aquamancers
  11 deep troll earth magi
  2 alligators (Zig:8)
  A spectral frost giant (Crypt:3)
  26 two-headed ogres
  32 dancing weapons
  5 death knights
  3 tengu warriors
  34 hell hogs
  11 ogre magi
  5 deep troll shamans
  17 death yaks
  11 vampire magi
  A queen ant (shapeshifter) (Vaults:5)
  15 shock serpents
  8 orc high priests
  4 spriggan berserkers
  5 thrashing horrors
  55 soul eaters
  Sonja (Lair:6)
  3 titan zombies
  20 naga sharpshooters
  62 hell knights
  4 storm dragon zombies
  2 iron golems
  4 wretched stars
  A fire crab (Zig:3)
  2 spriggans
  28 skeletal warriors
  18 deep elf knights
  91 sun demons
  9 shadow wraiths
  A spectral catoblepas (Crypt:3)
  A titan skeleton (Geh:2)
  4 iron trolls
  4 spatial maelstroms
  6 unseen horrors
  3 salamander mystics (Snake:4)
  The ghost of Bikalo the Lord of Darkness, a novice DsNe of Kikubaaqudgha (D:9)
  23 cherubim
  15 gelid demonspawn
  12 torturous demonspawn (Pan)
  14 infernal demonspawn (Pan)
  A storm dragon skeleton (Geh:7)
  2 ghost moth zombies
  10 sea snakes
  A golden dragon zombie (Hell)
  32 deep trolls
  7 wizards
  33 sixfirhies
  8 glowing orange brains
  2 kraken simulacra (Hell)
  11 shadow demons
  16 naga ritualists
  2 swamp dragons (shapeshifter)
  18 deep elf archers
  20 necromancers
  4 anaconda zombies
  7 phantasmal warriors
  4 swamp dragons (Zig:8)
  15 flayed ghosts
  4 anaconda skeletons
  2 lindwurms
  An orange crystal statue (Abyss:3)
  23 ironbrand convokers
  5 golden dragon skeletons
  2 sphinx zombies
  11 harpies
  19 mana vipers
  2 harpies (shapeshifter)
  24 orc knights
  3 wolf spider zombies (Geh:1)
  2 frost giant zombies
  2 iron dragon zombies
  10 shining eyes
  10 wolf spiders
  61 ugly things
  6 orc sorcerers
  A shadow dragon skeleton (Geh:1)
  3 fire giant zombies
  13 moths of wrath
  7 cyclopes
  7 fauns
  2 worldbinders
  4 stone giant zombies
  A spectral shock serpent (Crypt:3)
  7 manticores
  3 fire giant skeletons
  57 deep elf magi
  9 salamanders
  A faun (shapeshifter) (Depths:2)
  A shock serpent zombie (Crypt:2)
  A toenail golem (Pan)
  6 elephants (Lair:6)
  12 guardian serpents
  4 eyes of devastation
  2 guardian serpents (shapeshifter)
  11 ice statues
  14 rust devils
  3 apocalypse crabs
  16 naga magi
  8 molten gargoyles
  3 frost giant skeletons
  6 merfolk sirens
  17 vault sentinels
  21 spiny frogs
  90 smoke demons
  4 stone giant skeletons
  A white draconian zombie (Geh:7)
  38 black mambas
  2 torpor snails
  33 orange demons
  11 gargoyles
  A titan simulacrum (Crypt:2)
  4 water nymphs
  2 catoblepas zombies
  26 hellions
  5 spectral swamp worms (Depths:3)
  A minotaur zombie (Crypt:2)
  2 emperor scorpion zombies
  A sea snake zombie (Crypt:1)
  3 yaktaurs (shapeshifter)
  A rime drake (shapeshifter) (Vaults:1)
  An iron troll zombie (Crypt:1)
  9 swamp worm zombies (Crypt:2)
  3 dire elephant skeletons
  9 freezing wraiths
  49 demonic crawlers
  22 ice devils
  5 kobold demonologists
  10 efreet
  An anaconda simulacrum (Crypt:3)
  A komodo dragon (shapeshifter) (Vaults:1)
  11 komodo dragons
  66 yaktaurs
  7 ancient zymes
  A golden dragon simulacrum (Depths:1)
  6 rime drakes
  A yaktaur zombie (Hell)
  21 tormentors
  7 guardian mummies (Crypt:3)
  4 hydra zombies
  51 hellwings
  54 red devils
  9 trolls
  2 yellow draconian skeletons
  40 merfolk
  7 tengu conjurers
  A minotaur skeleton (Crypt:2)
  A troll (shapeshifter) (D:13)
  3 jumping spiders (shapeshifter)
  Prince Ribbit (D:8)
  A harpy zombie (Geh:7)
  4 polar bears
  3 wind drakes
  A hornet (shapeshifter) (Depths:2)
  17 raiju
  50 saltlings (Desolation)
  2 ettin zombies
  9 hornets
  100 slime creatures
  4 spriggan zombies (Hell)
  4 hydra skeletons
  2 harpy skeletons
  3 fire dragon zombies
  10 hippogriffs
  A slime creature (shapeshifter) (Elf:3)
  4 bog bodies
  A hippogriff (shapeshifter) (Vaults:2)
  23 blink frogs
  4 snapping turtles
  13 dream sheep
  A deep troll zombie (Hell)
  2 frost giant simulacra
  3 fire dragon skeletons
  104 flying skulls
  An ice dragon zombie (Crypt:1)
  2 air elementals
  28 water elementals
  2 ice dragon skeletons
  2 redbacks (shapeshifter)
  3 spriggans (shapeshifter)
  22 wraiths
  19 shadows
  4 ettin skeletons
  3 vampires (Vaults:2)
  61 ynoxinuls
  7 redbacks
  61 yaks
  5 wyverns
  A human (shapeshifter) (Vaults:5)
  5 basilisks
  A yak (shapeshifter) (Depths:3)
  30 fire elementals
  4 fire bats (Geh:4)
  A steam dragon (Lair:6)
  10 golden eyes
  35 neqoxecs
  43 chaos spawn
  4 hungry ghosts
  11 vampire mosquitoes
  An emperor scorpion simulacrum (Crypt:1)
  A soldier ant (D:11)
  A spatial vortex (Abyss:4)
  7 wargs
  A gelid demonspawn zombie (Crypt:2)
  A swamp worm (shapeshifter) (Vaults:5)
  A hydra simulacrum (Lair:4)
  11 water moccasins
  15 small abominations
  Edmund (D:6)
  78 large abominations
  An insubstantial wisp (Depths:5)
  66 nagas
  A soldier ant (shapeshifter) (Vaults:2)
  A spiny frog zombie (Geh:7)
  3 acid dragons
  50 hell hounds
  5 ice beasts
  5 floating eyes
  3 swamp drakes (Zig:8)
  8 porcupines
  5 sky beasts
  2 manticore zombies (Geh:7)
  54 orc warriors
  An ettin simulacrum (Crypt:2)
  A black bear (Lair:5)
  2 hornet zombies
  A black bear (shapeshifter) (Vaults:2)
  2 snapping turtle zombies
  23 starcursed masses
  9 eyes of draining
  10 phantoms
  3 spiny frog skeletons
  A black mamba simulacrum (Lair:4)
  16 boggarts
  14 necrophages
  An ogre (shapeshifter) (Depths:5)
  An ice dragon simulacrum (Depths:1)
  A manticore skeleton (Crypt:2)
  21 ogres
  13 centaurs
  18 crocodiles
  18 wolves
  3 snapping turtle skeletons
  A hog zombie (Crypt:1)
  4 elf zombies
  A draconian zombie (Crypt:2)
  Blork the orc (D:4)
  4 big kobolds
  21 bullfrogs
  2 spiny frog simulacra
  2 earth elementals
  8 scorpions
  2 wyvern skeletons (D:10)
  A water moccasin skeleton (Crypt:2)
  A blink frog simulacrum (Lair:4)
  2 elephant simulacra (Lair:4)
  76 wights
  6 killer bees (D:11)
  2 troll skeletons
  16 crimson imps
  4 howler monkeys
  3 centaur zombies
  3 quasits
  9 jellies
  A bullfrog zombie (D:12)
  4 lava snakes (Lair:6)
  A bullfrog skeleton (D:11)
  2 hounds
  34 orc priests
  5 centaur skeletons
  A human skeleton (D:7)
  4 human zombies
  17 orc wizards
  2 iron imps
  10 iguanas
  Natasha (thrice) (D:2)
  8 hell rats
  4 spriggan simulacra
  3 troll simulacra (IceCv)
  8 worker ants
  An ogre zombie (D:7)
  A naga zombie (Crypt:2)
  A naga skeleton (Crypt:2)
  A centaur simulacrum (IceCv)
  2 hound zombies
  2 hound skeletons
  A mummy (Crypt:1)
  2 worker ant zombies
  9 adders
  12 gnolls
  2 naga simulacra (IceCv)
  3 ogre simulacra (IceCv)
  A river rat (D:4)
  4 shadow imps
  A white imp (Depths:1)
  2 ufetubi (Abyss:1)
  2 oozes (D:2)
  2 adder zombies
  2 worms
  5 ball lightnings (Pan)
  A barachi skeleton (Crypt:1)
  3 dart slugs
  7 leopard geckos
  120 orcs
  6 ball pythons
  3 giant cockroaches
  12 goblins
  8 hobgoblins
  15 jackals
  6 quokkas
  A ball python skeleton (D:6)
  5 bats
  A dart slug zombie (Crypt:1)
  6 frilled lizards
  11 kobolds
  A kobold skeleton (Geh:1)
  An orc skeleton (Crypt:1)
  An orc zombie (D:7)
  13 rats
  A rat skeleton (Crypt:1)
  5 crawling corpses (Elf:3)
  2 fire vortices (Geh:7)
  A lurking horror (Abyss:1)
  2 plants
  3 starspawn tentacles (Abyss:1)
  4 tentacles
4966 creatures vanquished.

Vanquished Creatures (collateral kills)
  A seraph (Pan)
  A Killer Klown (Zot:5)
  A golden dragon (Zot:1)
  An Orb Guardian (Zot:5)
  A draconian knight (Zot:2)
  A draconian annihilator (Pan)
  An ophan (Pan)
  An apis (Pan)
  A black draconian (Zot:3)
  A red draconian (Zot:2)
  2 purple draconians
  A green death (Pan)
  A soul eater (Pan)
  A sixfirhy (Pan)
  A cherub (Pan)
  A stone giant zombie (Hell)
  A moth of wrath (Zot:2)
  A rust devil (Hell)
  A smoke demon (Pan)
  An orange demon (Pan)
  An efreet (Pan)
  A tormentor (Pan)
  A flying skull (Abyss:2)
  A water elemental (Hell)
  A chaos spawn (Pan)
  A wight (Geh:2)
27 creatures vanquished.

Vanquished Creatures (others)
  An eldritch tentacle (Geh:3)
  A tengu reaver (Vaults:2)
  A fire giant (Vaults:3)
  A blood saint (Pan)
  A lorocyproca (Pan)
  A deep elf annihilator (Pan)
  A green death (Pan)
  2 hell hogs (Geh:6)
  A sixfirhy (Pan)
  An anaconda skeleton (Geh:6)
  A moth of wrath (Zot:5)
  A vault sentinel (Vaults:2)
  2 hellwings (Pan)
  2 saltlings (Desolation)
  A spiny frog zombie (Geh:4)
  A swamp drake (Lair:1)
  An orc warrior (Vaults:1)
  A boggart (Depths:1)
  A crocodile (Lair:1)
  2 wights (Geh:6)
  8 ball lightnings (Pan)
  4 demonic plants (Pan)
  9 fungi
  14 plants
  4 starspawn tentacles
  22 tentacles
85 creatures vanquished.

Grand Total: 5078 creatures vanquished

Notes
Turn   | Place    | Note
-------+----------+-------------------------------------------
     0 | D:1      | KapersCrawl the Minotaur Fighter began the quest for the
                  | Orb.
     0 | D:1      | Reached XP level 1. HP: 19/19 MP: 0/0
   290 | D:1      | Reached XP level 2. HP: 26/27 MP: 1/1
   534 | D:1      | Reached skill level 1 in Dodging
   842 | D:2      | Reached XP level 3. HP: 28/33 MP: 2/2
  1270 | D:2      | Noticed Natasha
  1277 | D:2      | Killed Natasha
  1277 | D:2      | Reached XP level 4. HP: 30/40 MP: 3/3
  1851 | D:2      | Noticed Natasha
  1856 | D:2      | Killed Natasha
  2452 | D:2      | Noticed Natasha
  2454 | D:2      | Killed Natasha
  2509 | D:3      | Reached XP level 5. HP: 47/47 MP: 4/4
  2865 | D:3      | Reached skill level 5 in Fighting
  2876 | D:3      | Found a faded altar of an unknown god.
  3175 | D:4      | Reached skill level 5 in Shields
  3381 | D:4      | Reached XP level 6. HP: 52/56 MP: 5/5
  3432 | D:4      | Found a snail-covered altar of Cheibriados.
  3553 | D:4      | Noticed Blork the orc
  3576 | D:4      | Killed Blork the orc
  3576 | D:4      | Reached skill level 5 in Axes
  4143 | D:4      | Identified the +1 leather armour of Amorality {Slay+2} (You
                  | found it on level 4 of the Dungeon)
  4318 | D:5      | Entered Level 5 of the Dungeon
  4362 | D:5      | Found Wakadghi's Assorted Antiques.
  4425 | D:5      | Reached XP level 7. HP: 63/63 MP: 6/6
  4707 | D:5      | Found a glowing golden altar of the Shining One.
  4745 | D:5      | Found a blossoming altar of Fedhas.
  4905 | D:5      | Found a runed translucent door.
  4906 | D:5      | Noticed Crazy Yiuf
  4983 | D:4      | Became a worshipper of Cheibriados the Contemplative
  5279 | D:6      | Noticed Edmund
  5288 | D:6      | Killed Edmund
  5288 | D:6      | Reached XP level 8. HP: 73/73 MP: 7/7
  6159 | D:6      | Reached * piety under Cheibriados
  6169 | D:6      | Got an encrusted spear
  6511 | D:7      | Reached skill level 1 in Invocations
  6794 | D:7      | Found a sacrificial altar of Ru.
  6970 | D:7      | Reached skill level 5 in Armour
  7244 | D:7      | Reached XP level 9. HP: 81/81 MP: 9/9
  7293 | D:7      | Found a staircase to the Ecumenical Temple.
  7303 | Temple   | Entered the Ecumenical Temple
  7740 | D:7      | Reached ** piety under Cheibriados
  8437 | D:7      | Found an ancient bone altar of Kikubaaqudgha.
  8743 | D:8      | Found a burning altar of Makhleb.
  8744 | D:8      | Noticed a troll
  8754 | D:8      | Killed a troll
  9041 | D:8      | Identified the +6 spear of Paoleb {pierce, Stlth+} (You
                  | found it on level 6 of the Dungeon)
  9338 | D:8      | Noticed Prince Ribbit
  9559 | D:8      | Found a burning altar of Makhleb.
  9845 | D:8      | Killed Prince Ribbit
  9845 | D:8      | Reached skill level 1 in Polearms
 10182 | D:9      | Noticed a troll
 10187 | D:9      | Killed a troll
 10187 | D:9      | Reached XP level 10. HP: 86/90 MP: 12/12
 10389 | D:9      | Found a white marble altar of Elyvilon.
 10434 | D:9      | Found a runed translucent gate.
 10434 | D:9      | Found a runed translucent gate.
 10441 | D:9      | Found a runed translucent gate.
 10443 | D:9      | Noticed Bikalo's ghost (novice DsNe)
 10673 | D:9      | Found a deep blue altar of Sif Muna.
 10794 | D:9      | Got a brightly glowing halberd
 10925 | D:9      | Noticed a two-headed ogre
 11204 | D:9      | Killed a two-headed ogre
 11204 | D:9      | Reached skill level 5 in Invocations
 11694 | D:10     | Entered Level 10 of the Dungeon
 11734 | D:10     | Reached skill level 10 in Fighting
 11734 | D:10     | Reached skill level 10 in Shields
 11739 | D:9      | Reached *** piety under Cheibriados
 11791 | D:10     | Found a staircase to the Lair.
 11791 | D:10     | Noticed a death yak
 11791 | D:10     | Noticed a death yak
 11791 | D:10     | Noticed a death yak
 11791 | D:10     | Noticed a death yak
 11791 | D:10     | Noticed a death yak
 11795 | D:10     | Noticed a death yak
 11796 | D:10     | Noticed a death yak
 12154 | D:9      | Killed a death yak
 12317 | D:10     | Found a runed translucent door.
 12322 | D:10     | Noticed a sixfirhy
 12340 | D:10     | Found a basalt altar of Yredelemnul.
 12356 | D:9      | Killed a death yak
 12633 | D:10     | Killed a death yak
 12633 | D:10     | Reached skill level 5 in Polearms
 12633 | D:10     | Reached XP level 11. HP: 28/100 MP: 14/14
 13021 | D:10     | Noticed icckedyourdad's ghost (journeyman TrMo)
 13029 | D:10     | Found a runed translucent gate.
 13029 | D:10     | Found a runed translucent gate.
 13029 | D:10     | Found a runed translucent gate.
 13163 | D:11     | Killed an unseen horror
 13310 | D:11     | Found a frozen archway.
 13367 | IceCv    | Entered an ice cave
 13583 | IceCv    | Reached skill level 5 in Dodging
 13830 | IceCv    | Reached **** piety under Cheibriados
 14890 | IceCv    | Noticed a necromancer
 14900 | IceCv    | Killed a necromancer
 15049 | D:11     | Noticed an eight-headed hydra
 15057 | D:11     | Killed an eight-headed hydra
 15057 | D:11     | Reached XP level 12. HP: 95/109 MP: 10/16
 15063 | D:11     | Upgraded the game from 0.24-a0-512-g2b48af375b to
                  | 0.24-a0-515-gbe7f5e2e8d
 15250 | D:11     | Paralysed by a hornet for 3 turns
 16175 | Lair:1   | Entered Level 1 of the Lair of Beasts
 16194 | Lair:1   | Identified the +7 halberd "Duleal" {freeze, Str+3} (You
                  | found it on level 9 of the Dungeon)
 16962 | Lair:1   | Noticed a seven-headed hydra
 16967 | Lair:1   | Killed a nine-headed hydra
 17355 | Lair:1   | Reached ***** piety under Cheibriados
 17758 | Lair:2   | Found a shadowy altar of Dithmenos.
 17767 | Lair:2   | Noticed Fannar
 17775 | Lair:2   | Killed Fannar
 18660 | Lair:3   | Noticed a catoblepas
 18668 | Lair:3   | Killed a catoblepas
 18668 | Lair:3   | Reached XP level 13. HP: 118/118 MP: 18/18
 19069 | Lair:3   | Found a staircase to the Shoals.
 19562 | Lair:4   | Reached skill level 10 in Polearms
 19606 | Lair:4   | Found a runed translucent gate.
 19606 | Lair:4   | Found a runed translucent gate.
 19606 | Lair:4   | Found a runed translucent gate.
 19634 | Lair:4   | Noticed MirrMurr's ghost (journeyman SpEn)
 19643 | Lair:4   | Reached skill level 10 in Armour
 19649 | Lair:4   | Killed MirrMurr's ghost
 20237 | Lair:4   | Found a staircase to the Snake Pit.
 20883 | Lair:5   | Reached skill level 10 in Invocations
 21026 | Lair:5   | Got a brightly glowing flail
 21598 | Lair:5   | Reached XP level 14. HP: 129/129 MP: 20/20
 21714 | Lair:6   | Entered Level 6 of the Lair of Beasts
 21718 | Lair:6   | Identified the +9 flail "Sarcophage" {freeze, rElec Dex+5}
                  | (You found it on level 5 of the Lair of Beasts)
 21747 | Lair:6   | Reached skill level 1 in Maces & Flails
 21802 | Lair:6   | Reached skill level 10 in Dodging
 22333 | Lair:6   | Found a large runed translucent door.
 22521 | Lair:6   | Found a large runed translucent door.
 22674 | Lair:6   | Identified the Grimoire of Frigorific Heat
 22904 | Lair:6   | Found a staircase to the Slime Pits.
 22947 | Lair:6   | Noticed Sonja
 22948 | Lair:6   | Killed Sonja
 23528 | D:12     | Found a roughly hewn altar of Beogh.
 23528 | D:12     | Found a staircase to the Orcish Mines.
 23696 | D:12     | Reached skill level 5 in Maces & Flails
 24203 | D:12     | Noticed Gastronok
 24209 | D:12     | Killed Gastronok
 24682 | D:13     | Reached XP level 15. HP: 137/139 MP: 22/22
 24802 | D:13     | Found a gate to the Vaults.
 24997 | D:13     | Reached skill level 15 in Fighting
 25074 | D:13     | Reached ****** piety under Cheibriados
 25431 | Orc:1    | Entered Level 1 of the Orcish Mines
 25614 | Orc:1    | Found Uryel's Book Boutique.
 25683 | Orc:2    | Entered Level 2 of the Orcish Mines
 25817 | Orc:2    | Found a staircase to the Elven Halls.
 25865 | Orc:2    | Found Unuicvim's Magic Scroll Emporium.
 26007 | Orc:2    | Bought a scroll of acquirement for 728 gold pieces
 26607 | Orc:2    | Found Xoocyunauxt's General Store.
 26610 | Orc:2    | Found Worgh's Antique Armour Shoppe.
 26611 | Orc:2    | Found Toxusoki's Book Emporium.
 26612 | Orc:2    | Found Yqiag's Antique Armour Emporium.
 26846 | Orc:2    | Bought the +0 pair of fencer's gloves {Riposte Dex+3} for
                  | 1240 gold pieces
 26846 | Orc:2    | Found the +0 pair of fencer's gloves {Riposte Dex+3}
 26847 | Orc:2    | Bought a manual of Armour for 1545 gold pieces
 27259 | Orc:1    | Found a roughly hewn altar of Beogh.
 27265 | Orc:1    | Noticed an orc warlord
 27277 | Orc:1    | Killed an orc warlord
 27433 | Orc:1    | Found a roughly hewn altar of Beogh.
 28954 | D:14     | Found a glowing golden altar of the Shining One.
 29055 | D:15     | Entered Level 15 of the Dungeon
 29844 | D:15     | Got a sapphire war axe
 29845 | D:15     | Identified the +8 war axe of Midwinter {vamp, +Blink rElec
                  | rPois rN+} (You found it on level 15 of the Dungeon)
 30141 | D:15     | Found a staircase to the Depths.
 30462 | Shoals:1 | Entered Level 1 of the Shoals
 30463 | Shoals:1 | Noticed Aizul
 30464 | Shoals:1 | Reached XP level 16. HP: 141/151 MP: 21/24
 30475 | Shoals:1 | Killed Aizul
 30502 | Shoals:1 | Found Ribluny's Gadget Shoppe.
 30549 | Shoals:1 | Learned a level 1 spell: Summon Butterflies
 30796 | Shoals:1 | Reached skill level 15 in Armour
 31159 | Shoals:2 | Reached skill level 15 in Shields
 31335 | Shoals:2 | Noticed a kraken
 31344 | Shoals:2 | Killed a kraken
 32156 | Shoals:3 | Noticed Polyphemus
 32163 | Shoals:3 | Reached skill level 1 in Slings
 32195 | Shoals:3 | Killed Polyphemus
 32947 | Snake:1  | Entered Level 1 of the Snake Pit
 33299 | Snake:1  | Reached XP level 17. HP: 145/161 MP: 22/26
 33854 | Snake:2  | Found a transporter.
 33854 | Snake:2  | You fall into a shaft and drop 1 floor!
 33861 | Snake:3  | Reached skill level 5 in Slings
 34084 | Snake:3  | Noticed Jorgrun
 34095 | Snake:3  | Killed Jorgrun
 34414 | Snake:2  | Noticed Xofalap's ghost (adept MiMo)
 34423 | Snake:2  | Found a transporter.
 34453 | Snake:2  | Noticed Louise
 34477 | Snake:2  | Killed Louise
 34541 | Snake:2  | Noticed Vashnia
 34737 | Snake:2  | Noticed Saint Roka
 34756 | Snake:2  | Killed Saint Roka
 35399 | Snake:2  | Noticed Nikola
 35407 | Snake:2  | Killed Nikola
 35487 | Snake:2  | Killed Vashnia
 36556 | Snake:4  | Entered Level 4 of the Snake Pit
 36665 | Snake:4  | Reached XP level 18. HP: 173/173 MP: 19/28
 36820 | Snake:4  | Reached skill level 1 in Summonings
 37478 | Shoals:4 | Entered Level 4 of the Shoals
 37481 | Shoals:4 | Found Ozeh's Food Shoppe.
 37516 | Shoals:4 | Reached skill level 15 in Invocations
 37533 | Shoals:4 | Found Ubuymits's Magic Scroll Shoppe.
 38010 | Shoals:4 | Found Heraje's Jewellery Boutique.
 38064 | Shoals:4 | Found Puoru's Jewellery Shop.
 38138 | Shoals:4 | Got a barnacled rune of Zot
 38228 | Shoals:4 | Got a scorched amber ring
 38229 | Shoals:4 | Identified the ring of Woawor {rElec rPois rC+ Slay+2
                  | Stlth+} (You found it on level 4 of the Shoals)
 38788 | Snake:4  | Reached skill level 10 in Slings
 38867 | Snake:4  | Reached XP level 19. HP: 182/182 MP: 25/29
 38975 | Snake:4  | Got a serpentine rune of Zot
 39331 | Elf:1    | Entered Level 1 of the Elven Halls
 39454 | Elf:1    | You fall into a shaft and drop 1 floor!
 39682 | Elf:2    | Found a huge runed translucent gate.
 39683 | Elf:2    | Found a huge runed translucent gate.
 39684 | Elf:2    | Found a huge runed translucent gate.
 39685 | Elf:2    | Found a huge runed translucent gate.
 39686 | Elf:2    | Found a huge runed translucent gate.
 40306 | D:9      | Killed Bikalo's ghost
 40370 | D:10     | Reached skill level 5 in Summonings
 40521 | D:10     | Killed icckedyourdad's ghost
 40765 | Shoals:4 | Bought an uncursed ring of see invisible for 210 gold
                  | pieces
 40781 | Shoals:4 | Bought a scroll of blinking for 120 gold pieces
 40781 | Shoals:4 | Bought a scroll of blinking for 120 gold pieces
 41290 | Elf:1    | Identified the ring of the Sky {rPois Dex+2}
 41925 | Elf:1    | Identified Benoxagi's Reference Book on Necromancy
 42299 | Elf:3    | Entered Level 3 of the Elven Halls
 42311 | Elf:3    | Reached skill level 1 in Evocations
 42588 | Elf:3    | Found Haesesk's Armour Shop.
 42621 | Elf:3    | Bought a +2 pair of boots of flying for 236 gold pieces
 42951 | Elf:3    | Cast into level 2 of the Abyss (a deep elf sorcerer)
 43156 | Abyss:2  | Noticed an ancient lich
 43169 | Abyss:2  | Killed an ancient lich
 43230 | Elf:3    | Escaped the Abyss
 43231 | Elf:3    | Noticed a Tzitzimitl
 43259 | Elf:3    | Reached XP level 20. HP: 94/193 MP: 2/31
 43736 | Vaults:1 | Entered Level 1 of the Vaults
 43761 | Vaults:1 | Found Fifuvel's Assorted Antiques.
 43768 | Vaults:1 | Bought an ancient glass ring for 165 gold pieces
 43768 | Vaults:1 | Identified the ring of Voerphin {rElec rPois rN+ Str-3
                  | Stlth-} (You bought it in a shop on level 1 of the Vaults)
 44467 | Vaults:1 | Reached skill level 5 in Evocations
 45388 | Vaults:2 | Reached skill level 10 in Axes
 45391 | Vaults:2 | Found a staircase to the Crypt.
 45563 | Vaults:2 | Cast into level 1 of the Abyss (orc knight)
 45828 | Abyss:1  | Paralysed by accursed screaming for 1 turns
 46243 | Vaults:2 | Escaped the Abyss
 46265 | Vaults:2 | Noticed Sojobo
 46301 | Vaults:2 | Reached XP level 21. HP: 157/203 MP: 16/32
 46316 | Vaults:2 | Killed Sojobo
 47306 | Vaults:3 | Found a portal to a secret trove of treasure.
 47348 | Vaults:3 | Noticed Mennas
 47362 | Vaults:3 | Killed Mennas
 47647 | Vaults:3 | Found Idab's Antique Weapon Shoppe.
 48876 | Vaults:4 | Found a ruined gateway.
 48880 | Vaults:4 | Found Toevvyj's General Store.
 48889 | Vaults:4 | Bought a potion of heal wounds for 100 gold pieces
 48889 | Vaults:4 | Bought a scroll of fear for 70 gold pieces
 48889 | Vaults:4 | Bought a scroll of fog for 40 gold pieces
 48915 | Desolati | Entered the Desolation of Salt
 49045 | Desolati | Identified Ahum's Incunabulum of Attacks and Protection
 49171 | Desolati | Reached XP level 22. HP: 215/215 MP: 34/34
 49471 | Desolati | Identified Tunk's Papyrus of Entrancing Venom
 49490 | Desolati | Identified the cursed +1 battleaxe of Fosch {freeze, rPois
                  | rN+} (You found it in the Desolation of Salt)
 51211 | Orc:2    | Bought an uncursed ring of resist corrosion for 260 gold
                  | pieces
 51211 | Orc:2    | Bought 3 scrolls of teleportation for 117 gold pieces
 51435 | Depths:1 | Entered Level 1 of the Depths
 51686 | Depths:1 | Found a deep blue altar of Sif Muna.
 51703 | Depths:1 | Identified the amulet "Xiruh" {RegenMP rN++ Int+6 Dex+4}
 51990 | Depths:1 | Found a runed translucent gate.
 51990 | Depths:1 | Found a runed translucent gate.
 51992 | Depths:1 | Found a runed translucent gate.
 52067 | Depths:1 | Noticed icckedyourdad's ghost (journeyman TrMo)
 52077 | Depths:1 | Killed icckedyourdad's ghost
 52094 | Depths:1 | Got a pitted hat
 52095 | Depths:1 | Identified the +0 hat "Dyud" {*Drain rF++ Int+2 Slay+3}
                  | (You found it on level 1 of the Depths)
 52198 | Depths:1 | Identified the ring "Zufyil" {Fire rElec Str+4 Dex+7} (You
                  | found it on level 1 of the Depths)
 52264 | Depths:1 | Identified Jetaikhloit's Papyrus of the Arsonist and Unholy
                  | Secrets
 52273 | Depths:1 | Found a gateway to Hell.
 52638 | Depths:2 | Found a one-way gate leading to the halls of Pandemonium.
 52759 | Depths:2 | Reached XP level 23. HP: 226/226 MP: 35/35
 52874 | Depths:2 | Identified the +7 flail of Xom's Scorn {crush, *Rage +Fly
                  | rN+ SInv}
 52874 | Depths:2 | Identified the ring of Xeodep {MR+ Dex+5 SInv}
 53027 | Depths:2 | Identified the ring of Yxua {*Drain rC+++ Dex+6 SInv}
 54607 | Depths:3 | Found an iron altar of Okawaru.
 54695 | Depths:4 | Noticed Frederick
 54803 | Depths:4 | Reached XP level 24. HP: 235/237 MP: 35/36
 54944 | Depths:4 | Found a one-way gate to the infinite horrors of the Abyss.
 54977 | Depths:4 | Killed Frederick
 55127 | Depths:4 | You are sucked into a shaft and drop 1 floor!
 55127 | Depths:5 | Entered Level 5 of the Depths
 55356 | Depths:5 | Found a gateway to a ziggurat.
 55375 | Depths:5 | Noticed Jory
 55390 | Depths:5 | Killed Jory
 55510 | Depths:5 | Found a runed translucent gate.
 55510 | Depths:5 | Found a runed translucent gate.
 55510 | Depths:5 | Found a runed translucent gate.
 56778 | Depths:4 | Found Botocuumn's Jewellery Emporium.
 56778 | Depths:4 | Found Nyforutt's Gadget Shop.
 56782 | Depths:4 | Learned a level 2 spell: Ensorcelled Hibernation
 56785 | Depths:4 | Learned a level 2 spell: Passwall
 56785 | Depths:4 | Found Ziqo's Gadget Shop.
 56797 | Depths:4 | Bought the amulet of the Heavens {Spirit Int+3 Slay+2} for
                  | 775 gold pieces
 56802 | Depths:4 | Bought a lightning rod (4/4) for 840 gold pieces
 56802 | Depths:4 | Bought a wand of iceblast (11) for 315 gold pieces
 56806 | Depths:4 | Bought a wand of iceblast (8) for 168 gold pieces
 56806 | Depths:4 | Bought a wand of scattershot (4) for 336 gold pieces
 56806 | Depths:4 | Bought a wand of scattershot (5) for 378 gold pieces
 56806 | Depths:4 | Bought a wand of iceblast (6) for 140 gold pieces
 56830 | Depths:4 | Identified the +8 demon trident "Rawnin" {venom, rF+ Int+4}
 57013 | Depths:5 | Reached skill level 10 in Evocations
 57341 | Depths:5 | Found a gate to the Realm of Zot.
 57485 | Depths:4 | Bought a wand of scattershot (5) for 567 gold pieces
 57809 | Vaults:5 | Entered Level 5 of the Vaults
 57822 | Vaults:5 | Identified the +10 long sword of Putrescence {freeze, rF+}
 57950 | Vaults:5 | Reached skill level 15 in Dodging
 57952 | Vaults:5 | Identified the +10 quarterstaff "Dutzan" {venom, rF+++}
 57952 | Vaults:5 | Identified the ring "Jyalixob" {Dex+6 Stlth-}
 58093 | Vaults:5 | Reached XP level 25. HP: 248/248 MP: 36/36
 58146 | Vaults:4 | Identified the +4 hat of Idealism {rPois Dex+2 Stlth-} (You
                  | acquired it on level 4 of the Vaults)
 58243 | Vaults:5 | Identified the +11 scimitar "Egg" {freeze, +Rage SInv
                  | Stlth+}
 58243 | Vaults:5 | Identified the +5 leather armour "Ofuf" {*Corrode +Inv rN++
                  | Slay+2}
 58281 | Vaults:5 | Noticed an ancient lich
 58289 | Vaults:5 | Killed an ancient lich
 58302 | Vaults:5 | Identified the Papyrus of the Dark Escort
 58721 | Vaults:5 | Identified the +2 flail of Hatred {flame, Fragile rPois
                  | Int+7}
 58737 | Vaults:5 | Identified the cursed +1 short sword "Bellag" {freeze, rC+}
 59007 | Vaults:5 | Identified the +2 pair of boots of Luighim {rC- MR+ Dex+3}
                  | (You found it on level 5 of the Vaults)
 59014 | Vaults:5 | Learned a level 1 spell: Animate Skeleton
 59017 | Vaults:5 | Got a silver rune of Zot
 59725 | Slime:1  | Entered Level 1 of the Pits of Slime
 59749 | Slime:1  | Reached skill level 1 in Necromancy
 60234 | Slime:4  | Gained mutation: You are frail. (-10% HP) [a shining eye]
 60239 | Slime:4  | Gained mutation: Potions are less effective at restoring
                  | your health. [a shining eye]
 60243 | Slime:4  | Gained mutation: You tend to lose your temper in combat. [a
                  | shining eye]
 60247 | Slime:4  | Gained mutation: Armour fits poorly on your strangely
                  | shaped body. [a shining eye]
 60262 | Slime:4  | Lost mutation: You are frail. (-10% HP) [potion of
                  | mutation]
 60262 | Slime:4  | Lost mutation: Potions are less effective at restoring your
                  | health. [potion of mutation]
 60262 | Slime:4  | Gained mutation: You expend magic power (3 MP) to
                  | strengthen your wands. [potion of mutation]
 60262 | Slime:4  | Gained mutation: You evolve. [potion of mutation]
 60262 | Slime:4  | Gained mutation: You are agile. (Dex +2) [potion of
                  | mutation]
 60264 | Slime:5  | Entered Level 5 of the Pits of Slime
 60473 | Slime:5  | Reached XP level 26. HP: 253/261 MP: 35/36
 60536 | Slime:5  | Noticed the Royal Jelly
 60546 | Slime:5  | Killed the Royal Jelly
 60569 | Slime:5  | Gained mutation: Your magical capacity is low. (-10% MP) [a
                  | shining eye]
 60581 | Slime:5  | Lost mutation: Armour fits poorly on your strangely shaped
                  | body. [evolution]
 60581 | Slime:5  | Lost mutation: You evolve. [end of evolution]
 60584 | Slime:5  | Identified the +6 hunting sling of Instant Death {velocity,
                  | Str+4 Int+3} (You found it on level 5 of the Pits of Slime)
 60639 | Slime:5  | Identified the Tome of the Rocks
 60642 | Slime:5  | Got a slimy rune of Zot
 60669 | Slime:5  | Identified a +0 pair of boots of running (You found it on
                  | level 5 of the Pits of Slime)
 60673 | Slime:5  | Identified Sif Muna's Papyrus of Dislocated Hexes
 61879 | Elf:3    | Identified the cursed +0 leather armour "Unaost" {rElec
                  | Int+4}
 61947 | Elf:3    | Identified the +9 rapier of Kuvetow {vamp, rElec rN+ Int+5}
 61967 | Elf:3    | Identified the cursed +3 hand axe of the Desolation of Salt
                  | {antimagic, Fragile rF+ Int+3 Dex+3}
 61981 | Elf:3    | Reached skill level 5 in Necromancy
 62484 | Elf:3    | Identified the Almanac of the Rocks and the Birds
 62536 | Elf:3    | Identified Agemasch's Handbook of Snow and Slavery
 63028 | Depths:4 | Voluntarily entered the Abyss.
 63072 | Abyss:1  | Identified the +4 flail "Otoyss" {drain, Dex+6} (You found
                  | it on level 1 of the Abyss)
 63868 | Abyss:2  | Gained mutation: You are weak. (Str -2) [a neqoxec]
 63967 | Abyss:2  | Reached skill level 1 in Spellcasting
 64131 | Abyss:3  | Found a corrupted altar of Lugonu.
 64296 | Abyss:4  | Found a glowing golden altar of the Shining One.
 64304 | Abyss:4  | Paralysed by accursed screaming for 1 turns
 64355 | Abyss:4  | Noticed a juggernaut
 64366 | Abyss:4  | Killed a juggernaut
 64372 | Abyss:4  | Got an abyssal rune of Zot
 64574 | Depths:4 | Escaped the Abyss
 64910 | Crypt:1  | Entered Level 1 of the Crypt
 65048 | Crypt:1  | Noticed Margery
 65057 | Crypt:1  | Killed Margery
 65066 | Crypt:1  | Reached XP level 27. HP: 271/271 MP: 32/32
 65076 | Crypt:1  | Reached skill level 27 in Fighting
 65185 | Crypt:1  | Noticed Mara
 65194 | Crypt:1  | Reached skill level 1 in Transmutations
 65194 | Crypt:1  | Reached skill level 1 in Earth Magic
 65201 | Crypt:1  | Noticed KapersCrawl's illusion
 65253 | Crypt:1  | Noticed KapersCrawl's illusion
 65261 | Crypt:1  | Noticed KapersCrawl's illusion
 65338 | Crypt:1  | Noticed KapersCrawl's illusion
 65339 | Crypt:1  | Killed Mara
 65388 | Crypt:1  | Noticed a greater mummy
 65389 | Crypt:1  | Noticed Khufu
 67475 | Crypt:3  | Entered Level 3 of the Crypt
 67614 | Crypt:3  | Found a basalt altar of Yredelemnul.
 68488 | Crypt:3  | Identified the +9 lajatang of Rubbish {elec, rN++ Int+3}
                  | (You found it on level 3 of the Crypt)
 68898 | Crypt:3  | Found a staircase to the Tomb.
 68898 | Crypt:3  | Noticed a greater mummy
 68906 | Crypt:3  | Killed a greater mummy
 69711 | Zig:1    | Entered Level 1 of a ziggurat
 69731 | Zig:2    | Entered Level 2 of a ziggurat
 69743 | Zig:3    | Entered Level 3 of a ziggurat
 69768 | Zig:4    | Entered Level 4 of a ziggurat
 69804 | Zig:5    | Entered Level 5 of a ziggurat
 69828 | Zig:5    | Identified the +8 mace of Hyuxki {drain, rElec} (You found
                  | it on level 5 of a ziggurat)
 70049 | Zig:6    | Entered Level 6 of a ziggurat
 70094 | Zig:6    | Learned a level 6 spell: Invisibility
 70098 | Zig:7    | Entered Level 7 of a ziggurat
 70116 | Zig:7    | Reached skill level 1 in Hexes
 70140 | Zig:8    | Entered Level 8 of a ziggurat
 70152 | Zig:8    | Reached skill level 15 in Axes
 70207 | Zig:9    | Entered Level 9 of a ziggurat
 70262 | Zig:9    | Identified the cursed +1 fustibalus of the Desert {speed,
                  | rF+ rN+} (You found it on level 9 of a ziggurat)
 70321 | Hell     | Entered the Vestibule of Hell
 70321 | Hell     | Noticed Geryon
 70337 | Hell     | Killed Geryon
 70478 | Hell     | Found a gateway to the freezing wastes of Cocytus.
 70596 | Hell     | Found a gateway to the Iron City of Dis.
 70734 | Hell     | Found a gateway to the ashen valley of Gehenna.
 70788 | Hell     | Found a gateway to the decaying netherworld of Tartarus.
 70864 | Geh:1    | Entered Level 1 of Gehenna
 70875 | Geh:1    | Reached skill level 5 in Hexes
 70910 | Geh:1    | Gained mutation: Your magical capacity is very low. (-20%
                  | MP) [mutagenic glow]
 71475 | Geh:1    | You are sucked into a shaft and drop 1 floor!
 72324 | Shoals:4 | Bought the cursed ring of the Ageless Souls {rC- rN+++ EV-3
                  | Int+2 Slay+2} for 602 gold pieces
 72969 | Geh:1    | Lost mutation: You are weak. (Str -2) [potion of mutation]
 72969 | Geh:1    | Lost mutation: Your magical capacity is very low. (-20% MP)
                  | [potion of mutation]
 72969 | Geh:1    | Lost mutation: You expend magic power (3 MP) to strengthen
                  | your wands. [potion of mutation]
 72969 | Geh:1    | Gained mutation: Your muscles are strong. (Str +2) [potion
                  | of mutation]
 72969 | Geh:1    | Gained mutation: You have a pair of large horns on your
                  | head. [potion of mutation]
 72970 | Geh:1    | Lost mutation: You tend to lose your temper in combat.
                  | [potion of mutation]
 72970 | Geh:1    | Lost mutation: Your magical capacity is low. (-10% MP)
                  | [potion of mutation]
 72970 | Geh:1    | Gained mutation: You evolve. [potion of mutation]
 72970 | Geh:1    | Gained mutation: You can translocate small distances at
                  | will. [potion of mutation]
 74723 | Geh:4    | Lost mutation: You are agile. (Dex +2) [evolution]
 75271 | Geh:6    | Reached skill level 10 in Hexes
 75280 | Geh:7    | Entered Level 7 of Gehenna
 76636 | Depths:4 | Bought a box of beasts for 280 gold pieces
 76636 | Depths:4 | Bought a sack of spiders for 280 gold pieces
 76782 | Vaults:1 | Bought a potion of curing for 99 gold pieces
 76782 | Vaults:1 | Bought a box of beasts for 660 gold pieces
 76782 | Vaults:1 | Bought a wand of clouds (5) for 396 gold pieces
 76782 | Vaults:1 | Bought a ring of slaying for 66 gold pieces
 76999 | Shoals:1 | Bought a wand of paralysis (11) for 247 gold pieces
 76999 | Shoals:1 | Bought a wand of flame (16) for 171 gold pieces
 76999 | Shoals:1 | Bought a wand of digging (6) for 380 gold pieces
 76999 | Shoals:1 | Bought a wand of scattershot (7) for 627 gold pieces
 76999 | Shoals:1 | Bought a box of beasts for 380 gold pieces
 76999 | Shoals:1 | Bought a wand of flame (27) for 275 gold pieces
 76999 | Shoals:1 | Bought a box of beasts for 380 gold pieces
 77242 | Pan      | Entered Pandemonium
 77390 | Pan      | Noticed Pypraod the pandemonium lord
 77397 | Pan      | Killed Pypraod the pandemonium lord
 77428 | Pan      | Reached skill level 27 in Armour
 78767 | Pan      | Found an exit through the horrors of the Abyss.
 79348 | Pan      | Got a demonic rune of Zot
 79394 | Pan      | Lost mutation: Your muscles are strong. (Str +2) [a
                  | neqoxec]
 79688 | Pan      | Gained mutation: Your body sometimes deteriorates upon
                  | taking damage. [a neqoxec]
 79691 | Pan      | Lost mutation: Your body sometimes deteriorates upon taking
                  | damage. [a neqoxec]
 79755 | Pan      | Lost mutation: You have a pair of large horns on your head.
                  | [a neqoxec]
 79927 | Pan      | Found an exit through the horrors of the Abyss.
 80026 | Pan      | Noticed Foedip the pandemonium lord
 80073 | Pan      | Killed Foedip the pandemonium lord
 81659 | Pan      | Noticed Ynitamu the pandemonium lord
 81675 | Pan      | Killed Ynitamu the pandemonium lord
 82973 | Pan      | Learned a level 1 spell: Apportation
 83390 | Pan      | Noticed Qusyzaff the pandemonium lord
 83409 | Pan      | Killed Qusyzaff the pandemonium lord
 83550 | Pan      | Lost mutation: You evolve. [evolution]
 84483 | Pan      | Gained mutation: Your magical capacity is low. (-10% MP) [a
                  | cacodemon]
 84596 | Pan      | Noticed Unirinirch the pandemonium lord
 84714 | Pan      | Killed Unirinirch the pandemonium lord
 85115 | Pan      | Gained mutation: Scrolls take you a little longer to read.
                  | [a cacodemon]
 85327 | Pan      | Gained mutation: Your body sometimes deteriorates upon
                  | taking damage. [a cacodemon]
 85943 | Pan      | Found an exit through the horrors of the Abyss.
 87143 | Pan      | Noticed Ceysaorch the pandemonium lord
 87162 | Pan      | Killed Ceysaorch the pandemonium lord
 87349 | Pan      | Gained mutation: You evolve. [a neqoxec]
 87351 | Pan      | Gained mutation: You are clumsy. (Dex -2) [a neqoxec]
 87353 | Pan      | Gained mutation: You are very clumsy. (Dex -4) [a neqoxec]
 87354 | Pan      | Gained mutation: You are occasionally teleported next to
                  | monsters. [a neqoxec]
 87596 | Depths:2 | Escaped Pandemonium
 87919 | Snake:2  | Killed Xofalap's ghost
 88283 | D:5      | Bought a scroll of teleportation for 72 gold pieces
 88283 | D:5      | Bought a potion of resistance for 240 gold pieces
 88283 | D:5      | Bought a potion of curing for 72 gold pieces
 88283 | D:5      | Bought a scroll of fear for 84 gold pieces
 88523 | Orc:2    | Bought a scroll of fog for 28 gold pieces
 88523 | Orc:2    | Bought a scroll of magic mapping for 49 gold pieces
 88523 | Orc:2    | Bought a scroll of teleportation for 42 gold pieces
 88702 | Pan      | Entered Pandemonium
 88706 | Pan      | Gained mutation: You are sometimes teleported next to
                  | monsters. [a neqoxec]
 88713 | Pan      | Noticed Naaqegui the pandemonium lord
 88751 | Pan      | Killed Naaqegui the pandemonium lord
 89282 | Pan      | Gained mutation: Armour fits poorly on your strangely
                  | shaped body. [a neqoxec]
 89286 | Pan      | Noticed Ywelooh the pandemonium lord
 89295 | Pan      | Killed Ywelooh the pandemonium lord
 89890 | Depths:2 | Escaped Pandemonium
 89892 | Pan      | Entered Pandemonium
 90099 | Pan      | Found an exit through the horrors of the Abyss.
 90302 | Pan      | Noticed Liatif the pandemonium lord
 90320 | Pan      | Killed Liatif the pandemonium lord
 90756 | Pan      | Noticed Elesonul the pandemonium lord
 90762 | Pan      | Killed Elesonul the pandemonium lord
 90762 | Pan      | Reached skill level 15 in Evocations
 90948 | Pan      | Noticed Selawu the pandemonium lord
 90954 | Pan      | Killed Selawu the pandemonium lord
 90972 | Pan      | Entered the realm of Lom Lobon.
 91206 | Pan      | Found an exit through the horrors of the Abyss.
 91922 | Pan      | Noticed Lom Lobon
 91945 | Pan      | Killed Lom Lobon
 92365 | Pan      | Got a magical rune of Zot
 92460 | Pan      | Entered the realm of Gloorx Vloq.
 92533 | Pan      | Noticed Gloorx Vloq
 92540 | Pan      | Killed Gloorx Vloq
 92574 | Pan      | Got a dark rune of Zot
 93019 | Pan      | Lost mutation: Your body sometimes deteriorates upon taking
                  | damage. [potion of mutation]
 93019 | Pan      | Lost mutation: You are very clumsy. (Dex -4) [potion of
                  | mutation]
 93019 | Pan      | Lost mutation: You are clumsy. (Dex -2) [potion of
                  | mutation]
 93019 | Pan      | Gained mutation: You occasionally shout uncontrollably at
                  | your foes. [potion of mutation]
 93019 | Pan      | Lost mutation: Scrolls take you a little longer to read.
                  | [potion of mutation]
 93019 | Pan      | Gained mutation: You are robust. (+10% HP) [potion of
                  | mutation]
 93070 | Pan      | Noticed Cierolit the pandemonium lord
 93086 | Pan      | Killed Cierolit the pandemonium lord
 93175 | Pan      | Lost mutation: You occasionally shout uncontrollably at
                  | your foes. [potion of mutation]
 93175 | Pan      | Lost mutation: Armour fits poorly on your strangely shaped
                  | body. [potion of mutation]
 93175 | Pan      | Gained mutation: Armour fits poorly on your strangely
                  | shaped body. [potion of mutation]
 93175 | Pan      | Gained mutation: You have sharp toenails. [potion of
                  | mutation]
 93175 | Pan      | Gained mutation: Your flesh is heat resistant. (rF+)
                  | [potion of mutation]
 93176 | Pan      | Lost mutation: Your flesh is heat resistant. (rF+) [potion
                  | of mutation]
 93176 | Pan      | Lost mutation: You evolve. [potion of mutation]
 93176 | Pan      | Lost mutation: You have sharp toenails. [potion of
                  | mutation]
 93176 | Pan      | Gained mutation: You are partially covered in yellow
                  | scales. (AC +2) [potion of mutation]
 93176 | Pan      | Gained mutation: You occasionally shout uncontrollably at
                  | your foes. [potion of mutation]
 93176 | Pan      | Gained mutation: You are agile. (Dex +2) [potion of
                  | mutation]
 93177 | Pan      | Lost mutation: You are robust. (+10% HP) [potion of
                  | mutation]
 93177 | Pan      | Lost mutation: Your magical capacity is low. (-10% MP)
                  | [potion of mutation]
 93177 | Pan      | Gained mutation: You do not regenerate when monsters are
                  | visible. [potion of mutation]
 93177 | Pan      | Lost mutation: You are agile. (Dex +2) [potion of mutation]
 93177 | Pan      | Gained mutation: Your spells are a little harder to cast,
                  | but a little more powerful. [potion of mutation]
 93177 | Pan      | Gained mutation: You have a somewhat thin skeletal
                  | structure. (Dex +2, Stealth) [potion of mutation]
 93178 | Pan      | Lost mutation: Armour fits poorly on your strangely shaped
                  | body. [potion of mutation]
 93178 | Pan      | Lost mutation: You have a somewhat thin skeletal structure.
                  | (Dex +2, Stealth) [potion of mutation]
 93178 | Pan      | Lost mutation: Your spells are a little harder to cast, but
                  | a little more powerful. [potion of mutation]
 93178 | Pan      | Gained mutation: Your spells are a little harder to cast,
                  | but a little more powerful. [potion of mutation]
 93178 | Pan      | Gained mutation: You are weak. (Str -2) [potion of
                  | mutation]
 93178 | Pan      | Gained mutation: You are partially covered in icy blue
                  | scales. (AC +2) [potion of mutation]
 93179 | Pan      | Lost mutation: You can translocate small distances at will.
                  | [potion of mutation]
 93179 | Pan      | Lost mutation: You do not regenerate when monsters are
                  | visible. [potion of mutation]
 93179 | Pan      | Lost mutation: Your spells are a little harder to cast, but
                  | a little more powerful. [potion of mutation]
 93179 | Pan      | Gained mutation: You are surrounded by a mild repulsion
                  | field. (EV +2) [potion of mutation]
 93179 | Pan      | Lost mutation: You are weak. (Str -2) [potion of mutation]
 93205 | Pan      | Found an exit through the horrors of the Abyss.
 93368 | Pan      | Identified the +1 helmet of the Demon Prince {Int+2 SInv}
                  | (You found it in Pandemonium)
 93547 | Pan      | Identified the +1 cloak "Diucleta" {MR+} (You found it in
                  | Pandemonium)
 93722 | Pan      | Found an exit through the horrors of the Abyss.
 93769 | Pan      | Noticed Pyzudgheci the pandemonium lord
 93785 | Pan      | Killed Pyzudgheci the pandemonium lord
 93816 | Depths:2 | Escaped Pandemonium
 94644 | Pan      | Entered the realm of Cerebov.
 94644 | Pan      | Entered Pandemonium
 94675 | Pan      | Reached skill level 27 in Dodging
 94708 | Pan      | Found an exit through the horrors of the Abyss.
 94780 | Pan      | Identified the +7 rapier of the Bouncing Wars {venom, rPois
                  | MR++ Dex+5}
 94802 | Pan      | Identified the +6 sword of Cerebov {flame}
 94802 | Pan      | Noticed Cerebov
 94829 | Pan      | Killed Cerebov
 95338 | Pan      | Got a fiery rune of Zot
 95374 | Pan      | Found a huge runed translucent gate.
 95377 | Pan      | Found a huge runed translucent gate.
 95386 | Pan      | Found a huge runed translucent gate.
 95386 | Pan      | Found a huge runed translucent gate.
 95386 | Pan      | Found a huge runed translucent gate.
 95386 | Pan      | Found a huge runed translucent gate.
 95386 | Pan      | Found a huge runed translucent gate.
 95591 | Pan      | Noticed Vuirowk the pandemonium lord
 95612 | Pan      | Killed Vuirowk the pandemonium lord
 95628 | Pan      | Gained mutation: You are clumsy. (Dex -2) [a cacodemon]
 95635 | Pan      | Gained mutation: You are frail. (-10% HP) [a cacodemon]
 95742 | Pan      | Gained mutation: You are often teleported next to monsters.
                  | [a cacodemon]
 95791 | Pan      | Entered the realm of Mnoleg.
 95837 | Pan      | Found an exit through the horrors of the Abyss.
 95850 | Pan      | Gained mutation: You tend to lose your temper in combat. [a
                  | neqoxec]
 95851 | Pan      | Gained mutation: You are very clumsy. (Dex -4) [a
                  | cacodemon]
 95858 | Pan      | Gained mutation: You are dopey. (Int -2) [a cacodemon]
 95893 | Pan      | Gained mutation: Scrolls take you a little longer to read.
                  | [a shining eye]
 96051 | Pan      | Gained mutation: Armour fits poorly on your strangely
                  | shaped body. [a neqoxec]
 96089 | Pan      | Gained mutation: You often lose your temper in combat. [a
                  | neqoxec]
 96156 | Pan      | Noticed Mnoleg
 96159 | Pan      | Paralysed by a floating eye for 3 turns
 96165 | Pan      | Paralysed by a floating eye for 3 turns
 96176 | Pan      | Killed Mnoleg
 96180 | Pan      | Gained mutation: Your spells are a little easier to cast,
                  | but a little less powerful. [a neqoxec]
 96181 | Pan      | Gained mutation: Your body sometimes deteriorates upon
                  | taking damage. [a neqoxec]
 96184 | Pan      | Gained mutation: Potions are less effective at restoring
                  | your health. [a neqoxec]
 96185 | Pan      | Gained mutation: Your body often deteriorates upon taking
                  | damage. [a neqoxec]
 96202 | Pan      | Gained mutation: Your magical capacity is low. (-10% MP) [a
                  | neqoxec]
 96208 | Pan      | Gained mutation: You have an uncontrollable temper. [a
                  | neqoxec]
 96209 | Pan      | Gained mutation: You are very dopey. (Int -4) [a neqoxec]
 96211 | Pan      | Gained mutation: Potions are poor at restoring your health.
                  | [a neqoxec]
 96285 | Pan      | Gained mutation: You are very frail. (-20% HP) [a neqoxec]
 96347 | Pan      | Got a glowing rune of Zot
 96553 | Pan      | Found a white marble altar of Elyvilon.
 96907 | Pan      | Identified the +7 large shield of the Falcon {+Inv Dex+2
                  | Stlth+}
 97013 | Pan      | Identified the cursed +0 buckler "Weci" {-Cast rElec MR-
                  | Str+7}
 97315 | Pan      | Identified the +3 large shield of Discretion {-Cast rElec
                  | Str-2 Dex+8}
 97326 | Pan      | Reached skill level 27 in Axes
 97862 | Pan      | Identified the ring of Tib Buus {+Blink rN+ MP+9}
 97862 | Pan      | Noticed a seraph
 97866 | Pan      | Identified the ring "Ucel Wae" {rC++ rCorr Int+2 Dex-5
                  | SInv}
 97871 | Pan      | Killed a seraph
 97872 | Pan      | Identified the +4 ring mail of Lifelessness {Regen+}
 97872 | Pan      | Identified the ring of Jeopec {+Blink +Fly Stlth-}
 97899 | Pan      | Identified the ring "Pes Ybui" {*Tele rC- MR+ Int+8}
 98051 | Pan      | Found a glowing golden altar of the Shining One.
 98058 | Pan      | Identified Sif Muna's Guide on Unholy Execration
 98295 | Pan      | Lost mutation: You are very frail. (-20% HP) [potion of
                  | mutation]
 98295 | Pan      | Lost mutation: Scrolls take you a little longer to read.
                  | [potion of mutation]
 98295 | Pan      | Lost mutation: You are very dopey. (Int -4) [potion of
                  | mutation]
 98295 | Pan      | Gained mutation: You are somewhat resistant to further
                  | mutation. [potion of mutation]
 98296 | Pan      | Lost mutation: You are very clumsy. (Dex -4) [potion of
                  | mutation]
 98296 | Pan      | Lost mutation: Armour fits poorly on your strangely shaped
                  | body. [potion of mutation]
 98296 | Pan      | Lost mutation: You are frail. (-10% HP) [potion of
                  | mutation]
 98296 | Pan      | Gained mutation: You have large cloven feet. [potion of
                  | mutation]
 98690 | Pan      | Found a glowing silver altar of Zin.
 99712 | Depths:2 | Escaped Pandemonium
 99939 | Zot:1    | Entered Level 1 of the Realm of Zot
100029 | Zot:1    | Reached skill level 27 in Shields
101103 | Zot:2    | Found Zelot's Changing Room.
101125 | Zot:2    | Bought a potion of mutation for 112 gold pieces
101125 | Zot:2    | Bought a potion of mutation for 112 gold pieces
101125 | Zot:2    | Lost mutation: Your body often deteriorates upon taking
                  | damage. [potion of mutation]
101125 | Zot:2    | Lost mutation: You are clumsy. (Dex -2) [potion of
                  | mutation]
101125 | Zot:2    | Lost mutation: You are somewhat resistant to further
                  | mutation. [potion of mutation]
101125 | Zot:2    | Lost mutation: Your body sometimes deteriorates upon taking
                  | damage. [potion of mutation]
101125 | Zot:2    | Gained mutation: You are agile. (Dex +2) [potion of
                  | mutation]
101126 | Zot:2    | Lost mutation: Your spells are a little easier to cast, but
                  | a little less powerful. [potion of mutation]
101126 | Zot:2    | Gained mutation: You have supernaturally acute eyesight.
                  | (SInv) [potion of mutation]
101260 | Zot:2    | You are sucked into a shaft and drop 1 floor!
101260 | Zot:3    | Found a transporter.
101306 | Zot:3    | Found a transporter.
101386 | Zot:3    | Reached skill level 5 in Spellcasting
101466 | Zot:3    | Identified the +6 mace of Starshine {freeze, rC+ rN+ Str-3
                  | Int+9} (You found it on level 3 of the Realm of Zot)
102007 | Zot:3    | Lost mutation: You are dopey. (Int -2) [a cacodemon]
102016 | Zot:3    | Gained mutation: You are frail. (-10% HP) [a cacodemon]
102017 | Zot:3    | Gained mutation: Your body sometimes deteriorates upon
                  | taking damage. [a cacodemon]
102460 | Zot:3    | Identified the ring of the Final Chapter {rPois Int+3} (You
                  | found it on level 3 of the Realm of Zot)
102480 | Zot:3    | Identified Sif Muna's Handbook of Bewitching Protection
102487 | Zot:3    | Identified the amulet of Ruyruagefo {RegenMP Str+7 Int+3}
                  | (You found it on level 3 of the Realm of Zot)
103191 | Zot:5    | Entered Level 5 of the Realm of Zot
103257 | Zot:5    | Gained mutation: Armour fits poorly on your strangely
                  | shaped body. [an orb of fire]
103257 | Zot:5    | Noticed an ancient lich
103257 | Zot:5    | Noticed an orb of fire
103257 | Zot:5    | Noticed an orb of fire
103257 | Zot:5    | Noticed an orb of fire
103261 | Zot:5    | Gained mutation: You are very frail. (-20% HP) [an orb of
                  | fire]
103264 | Zot:5    | Killed an orb of fire
103266 | Zot:5    | Noticed an orb of fire
103267 | Zot:5    | Gained mutation: You sometimes yell uncontrollably at your
                  | foes. [an orb of fire]
103270 | Zot:5    | Lost mutation: You are agile. (Dex +2) [an orb of fire]
103272 | Zot:5    | Killed an orb of fire
103272 | Zot:5    | Killed an orb of fire
103273 | Zot:5    | Gained mutation: You frequently scream uncontrollably at
                  | your foes. [an orb of fire]
103275 | Zot:5    | Gained mutation: You are weak. (Str -2) [an orb of fire]
103277 | Zot:5    | Gained mutation: You are extremely frail. (-30% HP) [an orb
                  | of fire]
103278 | Zot:5    | Killed an orb of fire
103283 | Zot:5    | Killed an ancient lich
103302 | Zot:5    | Noticed an orb of fire
103302 | Zot:5    | Noticed an ancient lich
103303 | Zot:5    | Noticed an ancient lich
103304 | Zot:5    | Killed an ancient lich
103304 | Zot:5    | Noticed an orb of fire
103305 | Zot:5    | Killed an ancient lich
103305 | Zot:5    | Noticed an orb of fire
103307 | Zot:5    | Gained mutation: You are dopey. (Int -2) [an orb of fire]
103307 | Zot:5    | Lost mutation: You are often teleported next to monsters.
                  | [an orb of fire]
103309 | Zot:5    | Noticed an orb of fire
103310 | Zot:5    | Killed an orb of fire
103317 | Zot:5    | Lost mutation: You have supernaturally acute eyesight.
                  | (SInv) [an orb of fire]
103317 | Zot:5    | Gained mutation: Potions cannot restore your health. [an
                  | orb of fire]
103318 | Zot:5    | Gained mutation: You are clumsy. (Dex -2) [an orb of fire]
103323 | Zot:5    | Gained mutation: Your magical capacity is very low. (-20%
                  | MP) [an orb of fire]
103325 | Zot:5    | Lost mutation: You are extremely frail. (-30% HP)
                  | [mutagenic glow]
103326 | Zot:5    | Killed an orb of fire
103329 | Zot:5    | Gained mutation: You are extremely frail. (-30% HP) [an orb
                  | of fire]
103330 | Zot:5    | Killed an orb of fire
103342 | Zot:5    | Killed an orb of fire
103376 | Zot:5    | Gained mutation: You are often teleported next to monsters.
                  | [mutagenic glow]
103438 | Zot:5    | Reached skill level 10 in Spellcasting
103488 | Zot:5    | Noticed an ancient lich
103494 | Zot:5    | Killed an ancient lich
103945 | Zot:5    | Got the Orb of Zot
104035 | Zot:4    | Noticed Yxerru the pandemonium lord
104044 | Zot:4    | Killed Yxerru the pandemonium lord
104089 | Zot:2    | Noticed a seraph
104098 | Zot:2    | Killed a seraph
104206 | Depths:5 | Noticed Cetusk the pandemonium lord
104221 | Depths:5 | Killed Cetusk the pandemonium lord
104290 | Depths:4 | Gained mutation: Scrolls take you a little longer to read.
                  | [a cacodemon]
104583 | D:8      | Noticed Tinonoar the pandemonium lord
104587 | D:8      | Killed Tinonoar the pandemonium lord
104612 | D:6      | Noticed Giegaqot the pandemonium lord
104620 | D:6      | Killed Giegaqot the pandemonium lord
104973 | D:$      | Escaped with the Orb!

Levels and vault maps discovered:
D:1:      kilobyte_arrival_exit_the_forest, layout_loops_ring
D:2:      layout_loops_cross, minmay_misc_feat_nine_boxes, uniq_natasha
D:3:      layout_basic, chequers_ecumenical_altar_simple
D:4:      layout_basic, kennysheep_mini, first_ration, gup_sewer_entry_bowl,
          minmay_bent, uniq_blork_the_orc
D:5:      layout_loops_ring, tso_oasis_becter, serial_shops,
          nicolae_shop_competitors_out_of_business,
          fedhas_bush_and_centaur_altar, uniq_crazy_yiuf_cottage
D:6:      layout_basic, uniq_edmund
D:7:      layout_layer_cave, kennysheep_mini_moat,
          lemuel_mausoleum_altar_kikubaaqudgha, temple_green
D:8:      layout_basic, bloody_makhleb, uniq_prince_ribbit1
D:9:      layout_basic, tgw_sif, basic_altar, ebering_ghost_rock_garden,
          enter_bailey_2
D:10:     cheibrodos_shockbox, layout_rooms, dpeg_lair_monsters, basic_altar,
          gammafunk_ghost_split, kennysheep_generic_room_3
D:11:     layout_loops_ring, portal_ice_cave_entry_animals_and_master,
          serial_rivers, chequers_serial_rivers_micro_e,
          chequers_serial_rivers_room_a, chequers_serial_rivers_marsh,
          chequers_serial_rivers_micro_a, chequers_serial_rivers_small_b,
          chequers_serial_rivers_large_a, hangedman_pestilent_swarm
D:12:     layout_basic, david_orc_5, gauntlet_entry_generic, uniq_gastronok
D:13:     layout_loops_ring, skrybe_vaults_entry_preservation
D:14:     layout_basic, tso_metal_star, lemuel_another_geyser
D:15:     grunt_enter_depths_hoard, layout_cave_pods
Temple:   regret_index_temple_sphere_string
Lair:1:   lemuel_reptile_caves, layout_chaotic_city
Lair:2:   layout_regular_city, basic_altar, beast_lair_carwin_6, uniq_fannar
Lair:3:   layout_misc_corridors, elwin_shoals_entry_stream,
          grunt_forest_small_clearings, grunt_megastairs_1
Lair:4:   layout_big_grid, minmay_snake_entry_guardpost_medium,
          gammafunk_ghost_icy, patterned_corridor
Lair:5:   layout_gridlike, serial_bayou_shore_a
Lair:6:   cheibrodos_lair_end_hotspot, layout_regular_city,
          minmay_slime_entry_pillars, uniq_sonja
Shoals:1: layout_shoals, serial_shops, shop, uniq_aizul
Shoals:2: layout_shoals
Shoals:3: layout_shoals, nicolae_shoals_wave_tunnel, uniq_polyphemus
Shoals:4: shoals_end_simple, layout_shoals, serial_shops, shop, shop, shop, shop
Snake:1:  layout_gridlike
Snake:2:  layout_cave_shapes, gammafunk_ghost_arena, uniq_vashnia, uniq_louise,
          uniq_saint_roka, uniq_nikola
Snake:3:  layout_layer_cave, uniq_jorgrun
Snake:4:  johnstein_snake_rune_scales, layout_rooms
Slime:1:  cheibrodos_slime_lost_civilization_9, layout_caves,
          nicolae_slime_phagocytosis
Slime:2:  layout_caves
Slime:3:  layout_caves
Slime:4:  layout_caves
Slime:5
Orc:1:    layout_caves, serial_shops,
          nicolae_shop_temple_entry_statues_fountains, basic_altar, mines1_david
Orc:2:    st_orc_pillars, layout_diamond_mine, serial_shops, shop
Elf:1:    layout_geoelf_octagon, minmay_elf_necromancy
Elf:2:    layout_gridlike
Elf:3:    nooodl_elf_gasket, layout_loops_corners, serial_shops, shop
Vaults:1: v_misc_22, ontoclasm_vaults_claustrophobia,
          nicolae_vaults_circle_grid_b, grunt_vaults_hallway_long,
          vaults_mumra_minichess_inversion, nicolae_vaults_twisting_passages,
          v_misc_12, grunt_vaults_focal,
          vaults_standard_mumra_enter_the_diamond, v_alt_pattern_4,
          vaults_room_grunt_arrival_ludios, nicolae_vaults_little_squares_1,
          nicolae_vaults_windows_and_doors_thing, nicolae_vaults_specimen_jars,
          layout_vaults_maze_snakey, serial_shops, shop
Vaults:2: v_rooms_5, minmay_crypt_entry_vampire_xt,
          nicolae_vaults_network_square, vaults_room_corners,
          ontoclasm_vaults_gateway, v_alt_pattern_1, v_misc_24,
          st_smaller_cells, v_pattern_1, ontoclasm_vaults_spin,
          ontoclasm_vaults_decontamination, ontoclasm_vaults_loading_screen,
          layout_vaults_chaotic_city, uniq_sojobo
Vaults:3: grunt_vaults_diagonal, nicolae_vaults_network_s,
          nicolae_vaults_stairing_the_circle, ontoclasm_vaults_hangar,
          grunt_vaults_hallway_long, nicolae_vaults_little_squares_4,
          nicolae_vaults_gold_heap, nicolae_vaults_alarming,
          grunt_vaults_twisty, layout_vaults_omnigrid,
          nicolae_trove_entry_crossroad, serial_shops, nicolae_shop_statue_plus,
          uniq_mennas
Vaults:4: v_misc_3, v_misc_18, vaults_room_ringed_pool, v_misc_33, serial_ice_b,
          nicolae_vaults_yaktaur_gun_rack, nicolae_vaults_circle_grid_b,
          nicolae_vaults_little_ls, vaults_room_semicircle,
          hangedman_vaults_cutoff, vaults_room_corners, layout_vaults_big_cross,
          serial_shops, shop, portal_desolation_entry_nicolae_slug
Vaults:5: serial_shops
Crypt:1:  hangedman_screamer, layout_rooms, st_stairs_10,
          grunt_crypt_arrival_split, uniq_khufu, uniq_margery, uniq_mara
Crypt:2:  layout_chaotic_city, lemuel_dead_fish_pool
Crypt:3:  grunt_crypt_end_deaths_head
Depths:1: layout_cave_pools, hangedman_coc_ice_floe, chequers_jeans,
          gammafunk_ghost_icy, grunt_decor_one_mirror, hangedman_summoners_spam,
          serial_bayou_shore_b
Depths:2: minmay_the_grid_square_5x5_4x4_mashed
          [minmay_the_grid_square_5x5_two_small,
          minmay_the_grid_square_5x5_inner_i,
          minmay_the_grid_square_5x5_shuriken,
          minmay_the_grid_square_5x5_hollow_slash,
          minmay_the_grid_square_5x5_three_small,
          minmay_the_grid_square_5x5_prize_pseudospiral,
          minmay_the_grid_square_5x5_prize_waves,
          minmay_the_grid_square_5x5_three_walls,
          minmay_the_grid_square_5x5_sharp_hourglass,
          minmay_the_grid_square_5x5_prize_gold,
          minmay_the_grid_square_5x5_prize_itemx,
          minmay_the_grid_square_5x5_shrine2, minmay_the_grid_square_5x5_n,
          minmay_the_grid_square_5x5_slash,
          minmay_the_grid_square_5x5_intrusive_squares,
          minmay_the_grid_square_5x5_two_walls_b], layout_cave_pools, pan_entry,
          lightli_too_deep, minmay_staircase_statues, serial_bayou_shore_b
Depths:3: evilmike_iron_armoury, layout_basic, pf_hell_entry_tar_river,
          rand_demon_pan_entry_3, chequers_serial_rivers_micro_e
Depths:4: minmay_mutant_horseshoe, layout_cave_pools, minmay_misc_feat_enclosed,
          abyss_entry, pan_entry, hellmouth_1, minmay_shop_grove, uniq_frederick
Depths:5: grunt_zot_entry_alcove, layout_basic, enter_ziggurat_a, hell_entry,
          minmay_misc_feat_roman, pandoras_box_mu, uniq_jory
Hell
Geh:1:    layout_gehenna_pools_triple
Geh:2:    layout_gehenna_lava_caves
Geh:3:    layout_gehenna_pools_basic
Geh:4:    layout_gehenna_pools_triple
Geh:5:    layout_gehenna_lava_caves
Geh:6:    layout_gehenna_pools_basic
Geh:7:    geh_grunt_pentagon
Zot:1:    layout_basic, hangedman_zot_decor_scrapings, skrybe_zot_glass_3
Zot:2:    gammafunk_its_a_trap, layout_cathedral_of_symmetry,
          nicolae_transmutations_shop, hangedman_zot_decor_slant
Zot:3:    gammafunk_dig_for_victory, layout_onion, st_stairs_1
Zot:4:    layout_gridlike, st_stairs_5, nicolae_zot_crop_circle
Zot:5:    layout_misc_corridors, lemuel_flame_loot_1

Skill      XL: |  1  2  3  4  5  6  7  8  9 10 11 12 13 14 15 16 17 18 19 20 21 22 23 24 25 26 27 |
---------------+----------------------------------------------------------------------------------+-----
Dodging        | 1 2 3 5 7 9 10 11 13 15 17 18 27 | 27.0
Armour         | 4 5 7 8 9 10 12 14 17 19 20 22 23 24 27 | 27.0
Fighting       | 4 5 6 7 8 9 10 11 12 13 14 16 17 18 19 20 21 23 24 26 27 | 27.0
Shields        | 4 5 6 7 8 9 10 11 12 13 14 15 16 18 19 27 | 27.0
Axes           | 3 4 5 6 7 8 10 13 14 27 | 27.0
Invocations    | 2 4 6 7 9 10 11 12 13 14 15 16 17 18 19 20 23 | 23.4
Polearms       | 1 5 7 9 10 11 | 11.1
Maces & Flails | 5 |  5.0
Slings         | 4 8 10 11 12 | 12.0
Summonings     | 4 5 |  5.0
Evocations     | 3 6 8 10 24 | 24.2
Necromancy     | 3 6 |  6.0
Spellcasting   | 2 11 | 11.1
Transmutations | 4 |  4.0
Earth Magic    | 4 |  4.0
Hexes          | 10 | 10.2

Action                   |  1- 3 |  4- 6 |  7- 9 | 10-12 | 13-15 | 16-18 | 19-21 | 22-24 | 25-27 || total
-------------------------+-------+-------+-------+-------+-------+-------+-------+-------+-------++-------
Melee: War axe           |    57 |   132 |   184 |       |    20 |   839 |   916 |   802 |  2126 ||  5076
       Headbutt          |     7 |    18 |    50 |   194 |   298 |   323 |   364 |   344 |  1914 ||  3512
       Spear             |       |       |    29 |   472 |       |       |       |       |       ||   501
       Halberd           |       |       |       |   159 |   240 |       |       |       |       ||   399
       Flail             |       |       |       |       |   628 |       |       |       |       ||   628
       Broad axe         |       |       |       |       |       |       |       |       |  2761 ||  2761
 Fire: Hunting sling     |       |    23 |    77 |     6 |   154 |   330 |   356 |   514 |  1557 ||  3017
Throw: Boomerang         |     2 |     7 |       |    11 |    33 |       |       |       |       ||    53
 Cast: Summon Butterflie |       |       |       |       |       |       |     3 |       |     1 ||     4
       Animate Skeleton  |       |       |       |       |       |       |       |       |   130 ||   130
Invok: Bend Time         |       |       |     5 |     5 |     5 |     5 |     4 |     6 |     3 ||    33
       Temporal Distorti |       |       |       |     2 |     1 |    14 |     4 |     1 |    13 ||    35
       Slouch            |       |       |       |     3 |    22 |     9 |     2 |     9 |    26 ||    71
       Step From Time    |       |       |       |       |       |     1 |     2 |       |    12 ||    15
 Abil: Evoke Blink       |       |       |       |       |       |       |     2 |       |       ||     2
       Stop Flying       |       |       |       |       |       |       |     1 |       |       ||     1
       Evoke Flight      |       |       |       |       |       |       |     1 |       |       ||     1
       Blink             |       |       |       |       |       |       |       |       |     1 ||     1
       Evoke Invisibilit |       |       |       |       |       |       |       |       |     1 ||     1
Evoke: Wand              |       |       |     1 |    10 |     5 |       |       |     1 |    24 ||    41
       Lamp of fire      |       |       |       |       |       |       |       |     1 |     6 ||     7
       Phial of floods   |       |       |       |       |       |       |       |     1 |     3 ||     4
       Lightning rod     |       |       |       |       |       |       |       |       |     9 ||     9
       Sack of spiders   |       |       |       |       |       |       |       |       |    10 ||    10
       Phantom mirror    |       |       |       |       |       |       |       |       |     6 ||     6
       Box of beasts     |       |       |       |       |       |       |       |       |     4 ||     4
  Use: Scroll            |     2 |     9 |     4 |     7 |    26 |     8 |    13 |     9 |    48 ||   126
       Potion            |       |     3 |     1 |     2 |     7 |     3 |     4 |       |    36 ||    56
 Stab: Distracted        |       |       |     1 |     2 |       |       |     1 |     1 |    14 ||    19
       Invisible         |       |       |       |       |    10 |       |       |       |    25 ||    35
       Petrifying        |       |       |       |       |       |       |       |       |     3 ||     3
       Confused          |       |       |       |       |       |       |       |       |     2 ||     2
       Held in net/web   |       |       |       |       |       |       |       |       |     2 ||     2
  Eat: Chunk             |     1 |    20 |    11 |    16 |    21 |    12 |    20 |    17 |    39 ||   157
       Ration            |       |     1 |       |       |       |     2 |     1 |     1 |    18 ||    23
Armor: Scale mail        |    21 |    51 |       |       |       |       |       |       |       ||    72
       Leather armour    |       |       |    28 |       |       |       |       |       |       ||    28
       Plate armour      |       |       |     4 |   141 |   209 |   255 |   307 |     9 |       ||   925
       Gold dragon scale |       |       |       |       |       |       |       |   265 |   876 ||  1141
Dodge: Dodged            |    22 |    49 |    54 |   135 |   381 |   488 |   455 |   414 |  2334 ||  4332
Block: Shield            |    34 |    63 |   124 |   172 |   519 |   834 |   755 |   626 |       ||  3127
       Large shield      |       |       |       |       |       |       |       |    89 |  6316 ||  6405
       Rpst.: Flail      |       |       |       |       |    12 |       |       |       |       ||    12
       War axe           |       |       |       |       |     1 |    82 |    82 |    49 |   116 ||   330
       Hunting sling     |       |       |       |       |       |     5 |       |     2 |     2 ||     9
       Broad axe         |       |       |       |       |       |       |       |       |   129 ||   129

Table legend:
 A = Non-vault XP
 B = Vault XP
 C = Vault XP percentage of total XP
 D = Non-vault monster count
 E = Vault monster count
 F = Vault count percentage of total count
                 A         B        C        D         E       F
            +---------+---------+-------+---------+---------+-------
      Total | 2194739 | 1613336 |  42.4 |    3360 |    1564 |  31.8
            +---------+---------+-------+---------+---------+-------
        D:1 |      40 |       0 |   0.0 |      21 |       0 |   0.0
        D:2 |     115 |      35 |  23.3 |      22 |       1 |   4.3
        D:3 |     102 |       0 |   0.0 |      27 |       0 |   0.0
        D:4 |     180 |     174 |  49.2 |      13 |       9 |  40.9
        D:5 |     345 |     112 |  24.5 |      17 |       1 |   5.6
        D:6 |     464 |     157 |  25.3 |      13 |       1 |   7.1
        D:7 |    1728 |     818 |  32.1 |      35 |      12 |  25.5
        D:8 |     728 |     286 |  28.2 |       7 |       1 |  12.5
        D:9 |    2496 |    2494 |  50.0 |      23 |       3 |  11.5
       D:10 |    1069 |    6318 |  85.5 |       7 |       9 |  56.2
       D:11 |    5326 |    2773 |  34.2 |      31 |      12 |  27.9
       D:12 |    6186 |    2995 |  32.6 |      50 |      24 |  32.4
       D:13 |    7532 |    3381 |  31.0 |      27 |       9 |  25.0
       D:14 |    8449 |       0 |   0.0 |      29 |       0 |   0.0
       D:15 |    9944 |    2077 |  17.3 |      28 |       2 |   6.7
     Lair:1 |    4549 |    1473 |  24.5 |      17 |      26 |  60.5
     Lair:2 |    1900 |    2267 |  54.4 |       8 |       7 |  46.7
     Lair:3 |   10369 |    2014 |  16.3 |      44 |       6 |  12.0
     Lair:4 |    3773 |    4130 |  52.3 |      19 |      14 |  42.4
     Lair:5 |   14219 |       0 |   0.0 |      36 |       0 |   0.0
     Lair:6 |   12637 |    9984 |  44.1 |      43 |      32 |  42.7
   Shoals:1 |   16367 |    1640 |   9.1 |      32 |       1 |   3.0
   Shoals:2 |   12234 |       0 |   0.0 |      23 |       0 |   0.0
   Shoals:3 |   19038 |    8473 |  30.8 |      43 |      12 |  21.8
   Shoals:4 |    6995 |   15956 |  69.5 |      12 |      24 |  66.7
    Snake:1 |   14743 |       0 |   0.0 |      26 |       0 |   0.0
    Snake:2 |   10712 |   28017 |  72.3 |      19 |      31 |  62.0
    Snake:3 |   27148 |    2948 |   9.8 |      53 |       2 |   3.6
    Snake:4 |   29109 |   44774 |  60.6 |      53 |      69 |  56.6
    Slime:1 |   11139 |    1039 |   8.5 |       6 |       4 |  40.0
    Slime:2 |    3579 |       0 |   0.0 |      14 |       0 |   0.0
    Slime:3 |   10310 |       0 |   0.0 |      24 |       0 |   0.0
    Slime:4 |   14551 |       0 |   0.0 |      24 |       0 |   0.0
    Slime:5 |   14721 |   30108 |  67.2 |      12 |      14 |  53.8
      Orc:1 |    7419 |       0 |   0.0 |      51 |       0 |   0.0
      Orc:2 |    2041 |    9399 |  82.2 |      15 |      60 |  80.0
      Elf:1 |   20066 |    2853 |  12.4 |      35 |       6 |  14.6
      Elf:2 |    7170 |   22678 |  76.0 |      13 |      29 |  69.0
      Elf:3 |   28982 |   60599 |  67.6 |      44 |      40 |  47.6
   Vaults:1 |   23061 |   24638 |  51.7 |      47 |      37 |  44.0
   Vaults:2 |   30766 |   31988 |  51.0 |      67 |      38 |  36.2
   Vaults:3 |   33295 |   20708 |  38.3 |      61 |      15 |  19.7
   Vaults:4 |   45614 |   11601 |  20.3 |      77 |      18 |  18.9
   Vaults:5 |   34667 |  144768 |  80.7 |      38 |      86 |  69.4
    Crypt:1 |   31132 |   37082 |  54.4 |      44 |      34 |  43.6
    Crypt:2 |   30464 |    2949 |   8.8 |      45 |       8 |  15.1
    Crypt:3 |       0 |   79229 | 100.0 |       0 |     122 | 100.0
   Depths:1 |   32202 |   17665 |  35.4 |      54 |      27 |  33.3
   Depths:2 |   45640 |   41212 |  47.5 |      48 |      34 |  41.5
   Depths:3 |   40822 |   21995 |  35.0 |      53 |      29 |  35.4
   Depths:4 |   31074 |   12960 |  29.4 |      31 |       9 |  22.5
   Depths:5 |   27535 |   33234 |  54.7 |      32 |      36 |  52.9
       Hell |   11890 |   32388 |  73.1 |      21 |      57 |  73.1
      Geh:1 |   79665 |       0 |   0.0 |     170 |       0 |   0.0
      Geh:2 |   69834 |       0 |   0.0 |      91 |       0 |   0.0
      Geh:3 |   20340 |       0 |   0.0 |      40 |       0 |   0.0
      Geh:4 |   46943 |       0 |   0.0 |      76 |       0 |   0.0
      Geh:6 |   28603 |       0 |   0.0 |      53 |       0 |   0.0
      Geh:7 |   21842 |     401 |   1.8 |      44 |       1 |   2.2
      Zot:1 |   65187 |       0 |   0.0 |      35 |       0 |   0.0
      Zot:2 |   59571 |       0 |   0.0 |      35 |       0 |   0.0
      Zot:3 |   53429 |   39397 |  42.4 |      36 |      25 |  41.0
      Zot:4 |   41796 |   15584 |  27.2 |      22 |       6 |  21.4
      Zot:5 |   52651 |  182328 |  77.6 |      26 |      43 |  62.3
    Abyss:1 |   44279 |       0 |   0.0 |      81 |       0 |   0.0
    Abyss:2 |   38783 |       0 |   0.0 |      58 |       0 |   0.0
    Abyss:3 |    4202 |     640 |  13.2 |      12 |       1 |   7.7
    Abyss:4 |    9448 |   16094 |  63.0 |      23 |       9 |  28.1
        Pan |  718019 |  522991 |  42.1 |     853 |     361 |  29.7
      Zig:1 |     967 |       0 |   0.0 |       3 |       0 |   0.0
      Zig:2 |    1799 |       0 |   0.0 |       3 |       0 |   0.0
      Zig:3 |    3090 |       0 |   0.0 |       6 |       0 |   0.0
      Zig:4 |    2794 |       0 |   0.0 |       7 |       0 |   0.0
      Zig:5 |    5881 |       0 |   0.0 |       7 |       0 |   0.0
      Zig:6 |    9420 |       0 |   0.0 |       8 |       0 |   0.0
      Zig:7 |   11760 |       0 |   0.0 |       9 |       0 |   0.0
      Zig:8 |    8916 |       0 |   0.0 |      17 |       0 |   0.0
      Zig:9 |   28883 |       0 |   0.0 |      11 |       0 |   0.0
      IceCv |       0 |    4707 | 100.0 |       0 |      21 | 100.0
 Desolation |       0 |   48805 | 100.0 |       0 |      86 | 100.0
            +---------+---------+-------+---------+---------+-------
